 Dungeon Crawl Stone Soup version 0.17.0-26-gececa24 (webtiles) character file.

13065701 Ohli the Conqueror (level 27, 249/249 HPs)
             Began as a Demonspawn Fighter on Nov 18, 2015.
             Was the Champion of Makhleb.
             Escaped with the Orb
             ... and 15 runes on Nov 19, 2015!
             The game lasted 12:47:52 (124242 turns).

Ohli the Conqueror (Demonspawn Fighter)           Turns: 124242, Time: 12:47:52

Health: 249/249    AC: 58    Str: 50    XL:     27
Magic:  40/40      EV: 21    Int:  6    God:    Makhleb [******]
Gold:   14431      SH: 40    Dex: 13    Spells: 0 memorised, 26 levels left

rFire  + + .     SeeInvis +     Q - +8 demon blade "Leech" {vamp, rN+ AC-2 EV-2 Str-2 Int-2 Dex-2}
rCold  + + +     Clarity  .     l - +1 crystal plate armour of Trial and Error {rC+++ rCorr Int+2 Stlth-}
rNeg   + + .     SustAt   .     Y - +8 large shield {rPois}
rPois  +         Gourm    .     (helmet unavailable)
rElec  +         Spirit   .     H - +2 cloak {MR+}
rCorr  +         Warding  +     P - +0 pair of gloves "Dohik" {-Cast rElec MP+9 Str-4 Dex+3}
rMut   .         Stasis   .     y - +2 pair of boots {Stlth+}
MR     +++..     NoCast   +     Z - amulet "Beolisy" {Ward rF+ rC+ rN+}
Stlth  ..........               W - ring "Ceagaicu" {*Contam +Inv rF+ MP-9 Str+11}
                                p - ring of Vuinagg {Str+9 Int+4 Dex-2 SInv}

@: extremely resistant to hostile enchantments, extremely unstealthy
A: horns 3, iridescent scales 3, blurry vision 1, cold resistance 1, icemail,
powered by death 3, augmentation 3, freezing cloud immunity, MP-powered wands
a: Minor Destruction, Lesser Servant of Makhleb, Major Destruction, Greater
Servant of Makhleb, Renounce Religion, Evoke Invisibility
0: Orb of Zot
}: 15/15 runes: decaying, serpentine, slimy, silver, golden, iron, obsidian,
icy, bone, abyssal, demonic, glowing, magical, fiery, dark


You escaped.
You worshipped Makhleb.
Makhleb was exalted by your worship.
You were not hungry.

You visited 18 branches of the dungeon, and saw 95 of its levels.
You visited Pandemonium 2 times, and saw 35 of its levels.
You visited the Abyss 4 times.
You visited 1 bazaar.
You visited 2 ziggurats, and saw 27 of their levels (deepest: 21).
You also visited: Labyrinth, Ice Cave, Volcano and Wizlab.

You collected 18063 gold pieces.
You spent 2848 gold pieces at shops.

Inventory:

Hand Weapons
 A - the +8 double sword "Vuski" {drain, MR+++ MP+9 Str-4 Int+3}
   (You found it in Pandemonium)

   A truly terrible weapon, it drains the life of those it strikes.
   It affects your strength (-4).
   It affects your intelligence (+3).
   It affects your resistance to hostile enchantments.
   It affects your magic capacity (+9).
 Q - the +8 demon blade "Leech" (weapon) {vamp, rN+ AC-2 EV-2 Str-2 Int-2 Dex-2}
   (You found it on level 14 of a ziggurat)

   It inflicts no extra harm, but heals its wielder somewhat when it strikes a
   living foe.
   It affects your AC (-2).
   It affects your evasion (-2).
   It affects your strength (-2).
   It affects your intelligence (-2).
   It affects your dexterity (-2).
   It protects you from negative energy.
Armour
 l - the +1 crystal plate armour of Trial and Error (worn) {rC+++ rCorr Int+2 Stlth-}
   (Okawaru gifted it to you on level 2 of the Crypt)

   It affects your intelligence (+2).
   It renders you almost immune to cold.
   It protects you from acid and corrosion.
   It makes you less stealthy.
 q - the +0 pair of gloves of the Spheres {rN+}
   (Okawaru gifted it to you on level 8 of the Lair of Beasts)

   It protects you from negative energy.
 y - a +2 pair of boots of stealth (worn)
 H - a +2 cloak of magic resistance (worn)
 P - the +0 pair of gloves "Dohik" (worn) {-Cast rElec MP+9 Str-4 Dex+3}
   (You found it on level 21 of a ziggurat)

   It affects your strength (-4).
   It affects your dexterity (+3).
   It insulates you from electricity.
   It affects your magic capacity (+9).
   It prevents spellcasting.
 Y - a +8 large shield of poison resistance (worn)
Jewellery
 p - the ring of Vuinagg (left hand) {Str+9 Int+4 Dex-2 SInv}
   (You found it on level 3 of the Tomb of the Ancients)

   [ring of see invisible]

   It affects your strength (+9).
   It affects your intelligence (+4).
   It affects your dexterity (-2).
   It lets you see invisible.
 r - the ring of Shaolin {EV+8}
   (You took it off a skeletal warrior on level 7 of Tartarus)

   [ring of evasion]

   It affects your evasion (+8).
 x - the ring "Leot" {*Confuse rPois rF+ EV+4}
   (You found it on level 18 of a ziggurat)

   [ring of evasion]

   It affects your evasion (+4).
   It protects you from fire.
   It protects you from poison.
   It may confuse you when you take damage.
 z - an uncursed ring of invisibility {unknown}
 F - an uncursed amulet of resist mutation
 I - the ring "Byasiatwusch" {rF+ Str+5 Dex+3 Stlth-}
   (You took it off a seraph in Pandemonium)

   [ring of protection from fire]

   It affects your strength (+5).
   It affects your dexterity (+3).
   It protects you from fire.
   It makes you less stealthy.
 U - the ring of Henotheism {rC+ SInv}
   (You found it on level 18 of a ziggurat)

   [ring of protection from cold]

   It protects you from cold.
   It lets you see invisible.
 W - the ring "Ceagaicu" (right hand) {*Contam +Inv rF+ MP-9 Str+11}
   (You found it on level 3 of the Tomb of the Ancients)

   [ring of protection from fire]

   It affects your strength (+11).
   It protects you from fire.
   It affects your magic capacity (-9).
   It lets you turn invisible.
   It causes magical contamination when unequipped.
 X - the amulet "Gavangoh" {Clar rElec}
   (You found it on level 15 of a ziggurat)

   [amulet of clarity]

   It provides mental clarity.
   It insulates you from electricity.
 Z - the amulet "Beolisy" (around neck) {Ward rF+ rC+ rN+}
   (You found it on level 20 of a ziggurat)

   [amulet of warding]

   It may prevent the melee attacks of summoned creatures.
   It protects you from fire.
   It protects you from cold.
   It protects you from negative energy.
Wands
 v - a wand of hasting (4)
 S - a wand of heal wounds (8)
 V - a wand of digging (7)
Scrolls
 k - 11 scrolls of blinking
 m - 9 scrolls of teleportation
 n - 2 scrolls of summoning
 s - 2 scrolls of magic mapping
 w - 39 scrolls of remove curse
 R - 2 scrolls of recharging
Potions
 d - 2 potions of might
 j - 13 potions of curing
 o - 2 potions of agility
 u - 10 potions of heal wounds
 E - 4 potions of cure mutation
 G - 6 potions of cancellation
 L - 5 potions of resistance
 N - 2 potions of flight
Miscellaneous
 a - the horn of Geryon
 b - an ornate deck of changes {drawn: 1}
 c - a stone of tremors
 f - an ornate deck of summoning
 g - a disc of storms
 h - an ornate deck of escape {Solitude, drawn: 5}
 i - a plain deck of defence {drawn: 10}
 t - a box of beasts {used: 5}
 B - 6 phantom mirrors
 D - an ornate deck of defence {the Tomb, drawn: 8}
 K - a legendary deck of changes {drawn: 1}
 M - a phial of floods
 O - a fan of gales
 T - a lamp of fire
Comestibles
 e - 49 bread rations


   Skills:
 O Level 27 Fighting
 O Level 27 Long Blades
 O Level 27 Armour
 O Level 27 Dodging
 O Level 27 Shields
 + Level 22.5 Invocations
 O Level 27 Evocations


You had 26 spell levels left.
You didn't know any spells.

Dungeon Overview and Level Annotations

Branches:
Dungeon (15/15)            Temple (1/1) D:7            Lair (8/8) D:9
  Swamp (4/4) Lair:6        Snake (4/4) Lair:6        Slime (6/6) Lair:8
    Orc (4/4) D:10            Elf (3/3) Orc:3        Vaults (5/5) D:13
  Crypt (3/3) Vaults:3       Tomb (3/3) Crypt:3      Depths (5/5) D:15
   Hell (1/1)                 Dis (7/7) Hell            Geh (7/7) Hell
    Coc (7/7) Hell            Tar (7/7) Hell            Zot (5/5) Depths:5

Altars:
Ashenzari
Cheibriados
Dithmenos
Elyvilon
Fedhas
Gozag
Kikubaaqudgha
Makhleb
Nemelex Xobeh
Okawaru
Qazlal
Ru
Sif Muna
Trog
Vehumet
Xom
Yredelemnul
Zin
The Shining One
Beogh
Jiyva
Lugonu

Shops:
D:8 [   D:9 [[*}[   D:10 [   Orc:1 [%   Orc:2 *   Orc:4 [%*(   Snake:2 !*
Snake:4 !   Vaults:1 [   Vaults:2 ?

Portals:
Hell: Depths:1 Depths:2 Depths:3 Depths:4 Depths:5
Abyss: Depths:2 Depths:3 Depths:4 Depths:5
Pandemonium: Depths:1 Depths:3 Depths:5
Ziggurat: Depths:4

Annotations:
D:4 Blork the orc


Innate Abilities, Weirdness & Mutations

You have a pair of large horns on your head.
You are completely covered in iridescent scales (AC +8).
Your flesh is cold resistant.
A meltable icy envelope protects you from harm (AC +10).
You regenerate a lot of health from kills.
Your magical and physical power is greatly enhanced at high health.
You are immune to freezing clouds.
Scrolls take you a little longer to read.
You expend magic power (3 MP) to strengthen your wands.


Message History

There is a stone staircase leading down here.
There is a stone staircase leading up here.
You climb upwards.
There is a stone staircase leading down here.
A quasit comes into view.
You slice the quasit!!
You kill the quasit!
Makhleb accepts your kill.
You feel less regenerative.
A kobold comes into view. It is wielding a short sword.
The kobold shouts!
You block the kobold's attack.
The black mamba hisses angrily.
You block the kobold's attack.
You slice the kobold!!
You kill the kobold!
Makhleb accepts your kill.
The black bear growls angrily.
There is a staircase leading out of the dungeon here.
You have escaped!

# ####### #(....#
##### ##.8.8.##
....# #.......#
###.# #8......###
..#.# ##..###..#@#
⌠.'.###...#s#..#.#
..#...#8..#S#..#.#
###.......#l#..#.#
.....##8..#h#..#.#
##...##...#l#..#.#
#######..###.)#.#
#8...)....#
#.........#


There were no monsters in sight!

Vanquished Creatures
  Cerebov (Pan)
  Antaeus (Coc:7)
  Asmodeus (Geh:7)
  the royal jelly (Slime:6)
  Ereshkigal (Tar:7)
  Gloorx Vloq (Pan)
  the Serpent of Hell (Tar:7)
  A seraph (Pan)
  Mnoleg (Pan)
  Dispater (Dis:7)
  Khufu (Crypt:3)
  3 orbs of fire (Zot:5)
  Mara (Vaults:2)
  Mennas (Pan)
  The ghost of alpinistek the Axe Maniac, a legendary HOMo of the Shining One (Zig:10)
  A juggernaut (Depths:3)
  8 ancient liches
  24 greater mummies
  13 shard shrikes
  Norris (Vaults:2)
  11 Killer Klowns
  Vashnia (Snake:4)
  A curse toe (Zot:3)
  Geryon (Hell)
  10 golden dragons
  Jory (Vaults:3)
  4 profane servitors
  25 bone dragons
  2 pearl dragons (Pan)
  15 pandemonium lords
  8 electric golems
  18 Brimstone Fiends
  A shard shrike zombie (Crypt:2)
  27 liches
  3 hellephants
  19 tentacled monstrosities
  9 Hell Sentinels
  18 Ice Fiends
  24 Orb Guardians
  The ghost of ldierk the Impregnable, an adept MiHu of Yredelemnul (WizLab)
  18 titans
  Asterion (Vaults:1)
  30 Shadow Fiends
  9 deep elf blademasters
  11 deep elf master archers
  46 Executioners
  16 acid blobs
  10 sphinxes
  41 tentacled starspawn
  An octopode crusher (Zig:3)
  3 eldritch tentacles
  10 quicksilver dragons
  7 death cobs
  11 ancient champions
  3 tengu reavers (Vaults:5)
  Agnes (D:14)
  15 shadow dragons
  3 thorn hunters
  Kirke (Snake:3)
  14 storm dragons
  6 revenants
  The ghost of bezhaha the Brawler, a journeyman TrCK of Xom (Elf:1)
  8 greater nagas (Snake:4)
  26 fire giants
  12 azure jellies
  A draconian monk (Zot:1)
  20 daevas
  An azure jelly (shapeshifter) (Zig:20)
  16 deep elf sorcerers
  Donald (Swamp:1)
  6 chaos champions (Pan)
  Maud (Lair:7)
  3 draconian knights
  14 frost giants
  2 fire giants (shapeshifter) (Zig:20)
  41 balrugs
  28 cacodemons
  24 vault wardens
  12 iron dragons
  Aizul (Vaults:1)
  Louise (Elf:2)
  2 draconian scorchers (Zot:1)
  An emperor scorpion (Zig:4)
  3 ghost moths
  4 curse skulls
  4 draconian shifters
  A juggernaut zombie (Zig:21)
  2 draconian zealots
  2 frost giants (shapeshifter)
  3 orc warlords
  A caustic shrike zombie (Zig:21)
  11 war gargoyles
  29 angels (Pan)
  6 draconian annihilators
  57 reapers
  35 very ugly things
  A caustic shrike skeleton (Zig:12)
  2 spriggan defenders (Depths:4)
  7 ghouls
  5 warmongers (Pan)
  An orange crystal statue (WizLab)
  10 ironheart preservers
  6 blood saints (Pan)
  An elemental wellspring (Coc:3)
  3 draconian callers
  5 vampire knights
  11 deep elf demonologists
  17 ophanim (Pan)
  28 apis (Pan)
  35 stone giants
  7 salamander firebrands
  Nessos (Abyss:1)
  10 black draconians
  3 green draconians
  28 lorocyprocas
  4 dire elephants (shapeshifter)
  8 red draconians
  Azrael (D:13)
  7 mottled draconians
  10 black suns (Pan)
  2 salamander stormcallers (Vaults:3)
  10 purple draconians
  7 yellow draconians
  6 corrupters (Pan)
  9 deep elf annihilators
  5 white draconians
  26 blizzard demons
  9 death oozes
  8 eidola
  Snorg (Orc:1)
  A merfolk javelineer (Zig:2)
  14 ettins
  A crystal guardian (Abyss:1)
  29 vault guards
  26 mummy priests
  14 deep elf death magi
  5 entropy weavers
  2 merfolk impalers (Zig:3)
  15 great orbs of eyes
  A minotaur (Lab)
  19 jiangshi
  16 green deaths
  4 kraken zombies
  24 fire dragons
  5 quicksilver dragon zombies
  14 yaktaur captains
  9 deep elf high priests
  A spectral kraken (Tar:7)
  32 ice dragons
  10 rakshasas
  3 quicksilver dragon skeletons
  23 hydras
  12 monstrous demonspawn (Pan)
  15 naga warriors
  6 hell beasts
  A catoblepas (shapeshifter) (Zig:20)
  7 centaur warriors
  2 catoblepae
  Erica (D:8)
  5 ghost crabs
  8 anacondas
  5 spriggan air magi
  15 ogre magi
  6 death knights
  15 dancing weapons
  A death yak (IceCv)
  3 deep troll shamans
  7 alligators
  A satyr (Zig:3)
  13 tengu warriors
  A satyr (shapeshifter) (Elf:3)
  37 thrashing horrors
  7 deep troll earth magi
  A death yak (shapeshifter) (Zig:20)
  A spriggan berserker (Depths:3)
  19 hell hogs
  2 orc high priests
  5 titan zombies
  7 vampire magi
  Urug (D:13)
  174 large abominations
  16 naga sharpshooters
  8 shock serpents
  Sonja (Abyss:1)
  64 sun demons
  9 titan skeletons
  62 soul eaters
  A fire crab (Lair:8)
  4 storm dragon zombies
  27 deep elf knights
  An iron troll (shapeshifter) (Zig:10)
  43 wretched stars
  A spectral anaconda (Crypt:3)
  17 unseen horrors
  8 death drakes
  13 death scarabs
  5 wizards
  7 gelid demonspawn (Pan)
  44 hell knights
  12 deep trolls
  42 ice devils
  An unseen horror (shapeshifter) (Vaults:5)
  20 flayed ghosts
  16 giant orange brains
  7 storm dragon skeletons
  146 skeletal warriors
  A fire crab (shapeshifter) (Abyss:1)
  5 spriggan druids
  5 salamander mystics
  7 anaconda zombies
  115 small abominations
  25 cherubim (Pan)
  13 spatial maelstroms
  12 infernal demonspawn (Pan)
  2 ghost moth zombies
  11 swamp dragons
  2 shambling mangroves (Swamp:2)
  A death drake (shapeshifter) (Depths:3)
  12 shadow wraiths
  A swamp dragon (shapeshifter) (Abyss:3)
  33 shadow demons
  7 naga ritualists
  3 golden dragon zombies
  9 deep elf summoners
  7 torturous demonspawn (Pan)
  4 golden dragon skeletons
  21 anubis guards
  An obsidian statue (Zig:3)
  16 ironbrand convokers
  4 anaconda skeletons
  18 phantasmal warriors
  8 hornets
  5 shadow dragon zombies
  10 putrid demonspawn (Pan)
  8 wolf spiders
  11 necromancers
  17 deep elf conjurers
  9 cyclopes
  2 wolf spiders (shapeshifter)
  7 wolf spider zombies
  67 ugly things
  13 mana vipers
  6 griffons
  7 hill giants
  7 frost giant zombies
  6 iron dragon zombies
  3 harpies (Vaults:2)
  3 oklob plants (Zig:5)
  7 orc knights
  7 fire giant zombies
  A manticore (D:14)
  27 salamanders
  A shining eye (shapeshifter) (Abyss:1)
  5 stone giant zombies
  A manticore (shapeshifter) (Abyss:1)
  A salamander (shapeshifter) (D:14)
  16 worldbinders
  52 sixfirhies
  A water nymph (Zig:3)
  4 shadow dragon skeletons
  A hornet (shapeshifter) (Vaults:5)
  A sphinx skeleton (Depths:2)
  A moth of wrath (shapeshifter) (Zig:20)
  15 shining eyes
  6 frost giant skeletons
  10 orc sorcerers
  10 elephants
  24 spiny frogs
  11 stone giant skeletons
  4 fire giant skeletons
  A shock serpent zombie (Tar:7)
  3 dire elephant zombies
  2 iron dragon skeletons
  74 smoke demons
  17 moths of wrath
  2 sirens (Zig:3)
  A guardian serpent (shapeshifter) (Vaults:2)
  14 apocalypse crabs
  29 black mambas
  34 naga magi
  19 vault sentinels
  2 gargoyles (D:15)
  48 orange demons
  4 ice statues
  2 kobold demonologists (Abyss:1)
  A catoblepas zombie (Crypt:2)
  8 komodo dragons
  2 dire elephant skeletons
  6 guardian serpents
  7 molten gargoyles
  26 hellions
  4 eyes of devastation
  4 emperor scorpion zombies
  9 spectral swamp worms (Tar:7)
  28 rust devils
  3 spriggan skeletons (Zig:21)
  5 fire drakes
  A redback zombie (D:13)
  31 demonic crawlers
  41 tormentors
  15 efreet
  32 hellwings
  42 guardian mummies
  8 hydra zombies
  A yaktaur (shapeshifter) (D:15)
  An anaconda simulacrum (Crypt:3)
  A red draconian skeleton (Crypt:2)
  A white draconian skeleton (Tar:7)
  8 silent spectres
  A death yak skeleton (Crypt:1)
  62 yaktaurs
  7 catoblepas skeletons
  15 deep elf priests
  27 blue devils
  47 red devils
  4 tengu conjurers
  42 ancient zymes
  A jumping spider (shapeshifter) (Abyss:1)
  28 polar bears
  A merfolk (shapeshifter) (Vaults:1)
  7 giant leeches
  A wolf spider simulacrum (Abyss:1)
  A fire drake (shapeshifter) (Depths:3)
  32 freezing wraiths
  9 trolls
  A harpy zombie (Tar:7)
  2 jumping spiders
  10 merfolk (Zig:3)
  A two-headed ogre (shapeshifter) (Depths:2)
  21 two-headed ogres
  10 harpy skeletons
  Grinder (D:5)
  A raiju (shapeshifter) (Vaults:5)
  2 slime creatures (shapeshifter)
  10 hydra skeletons
  18 ushabtiu
  8 bog bodies
  120 slime creatures
  3 alligator zombies
  3 fire dragon zombies
  65 raiju
  A frost giant simulacrum (Vaults:5)
  7 ice dragon zombies
  22 blink frogs
  12 ettin zombies
  7 boulder beetles
  26 shadows
  13 spriggans
  164 flying skulls
  2 tarantellas (shapeshifter) (Abyss:1)
  5 ettin skeletons
  Sigmund (D:4)
  5 air elementals
  2 black mamba zombies
  2 spriggans (shapeshifter) (Vaults:5)
  An ice dragon skeleton (Crypt:2)
  30 deep elf magi
  16 redbacks
  2 fire dragon skeletons
  201 starcursed masses
  7 alligator skeletons
  19 golden eyes
  16 vampires
  13 fire bats
  3 trapdoor spiders
  38 wraiths
  2 dire elephant simulacra
  A hippogriff (shapeshifter) (Abyss:1)
  An emperor scorpion simulacrum (Abyss:1)
  2 tarantellas
  10 water elementals
  Eustachio (D:4)
  16 fire elementals
  5 wyverns
  A hog (shapeshifter) (Depths:2)
  5 black mamba skeletons
  14 hippogriffs
  Grum (Abyss:1)
  8 basilisks
  49 yaks
  51 ynoxinuls
  49 chaos spawn
  46 wolves
  41 vampire mosquitoes
  13 hungry ghosts
  2 hogs (Snake:3)
  14 hydra simulacra (Swamp:4)
  54 nagas
  3 steam dragons
  3 swamp worm simulacra (Swamp:4)
  41 deep elf fighters
  14 wargs
  Edmund (D:3)
  28 insubstantial wisps
  96 neqoxecs
  A monstrous demonspawn zombie (Dis:4)
  25 spatial vortices
  7 spiny frog zombies
  2 wolves (shapeshifter)
  25 swamp worms
  24 hell hounds
  8 mottled dragons
  14 water moccasins
  A merfolk skeleton (Tar:7)
  A deep troll skeleton (Vaults:3)
  An ice beast (shapeshifter) (Vaults:1)
  9 porcupines
  14 black bears
  4 phantoms
  7 ice beasts
  14 eyes of draining
  2 eyes of draining (shapeshifter)
  28 orc warriors
  6 sky beasts
  A wasp (shapeshifter) (D:14)
  4 spiny frog skeletons
  An alligator simulacrum (Hell)
  A boggart (D:14)
  An ice dragon simulacrum (Crypt:2)
  A hornet simulacrum (D:15)
  An ogre (shapeshifter) (D:14)
  19 swamp drakes
  The ghost of Ohli the Skirmisher, an amateur DsFi (D:6)
  4 snapping turtle zombies
  2 boggarts (shapeshifter)
  A manticore zombie (Tar:6)
  14 wasps
  2 swamp dragon skeletons
  25 necrophages
  3 snapping turtle skeletons
  A hog zombie (Crypt:1)
  30 centaurs
  9 crocodiles
  51 ogres
  A manticore skeleton (Pan)
  29 giant frogs
  6 elf zombies
  4 big kobolds
  11 brain worms
  7 earth elementals
  5 elf skeletons
  A cyclops zombie (Crypt:1)
  A dryad skeleton (Crypt:1)
  3 scorpions
  A wyvern skeleton (D:7)
  A glowing shapeshifter simulacrum (Vaults:1)
  3 electric eels
  A spiny frog simulacrum (Hell)
  62 wights
  A troll zombie (Dis:6)
  2 killer bees
  A troll skeleton (Tomb:3)
  22 crimson imps
  3 centaur zombies (D:9)
  5 human zombies
  29 jellies
  31 orc priests
  A gnoll shaman (D:10)
  35 iron imps
  6 giant frog skeletons
  20 quasits
  Terence (D:2)
  22 hounds
  6 centaur skeletons
  38 orc wizards
  12 human skeletons
  13 worker ants
  8 iguanas
  A lightning spire (Zig:12)
  A killer bee zombie (D:6)
  36 sheep
  An ogre zombie (Dis:7)
  4 tengu zombies
  A deep dwarf skeleton (Crypt:2)
  An ogre skeleton (Pan)
  A hound skeleton (D:5)
  A worker ant zombie (D:7)
  54 mummies
  7 gnolls
  12 adders
  15 shadow imps
  An adder (shapeshifter) (Zig:20)
  95 river rats
  47 white imps
  22 ufetubi
  3 giant eyeballs (Pan)
  2 oozes
  5 swamp drake simulacra (Swamp:4)
  A worm zombie (Crypt:2)
  An adder zombie (D:5)
  2 adder skeletons
  An iguana skeleton (Crypt:2)
  3 worms
  3 giant geckos
  183 orcs
  A bat skeleton (Crypt:2)
  7 goblins
  12 hobgoblins
  11 quokkas
  A ball python (D:1)
  11 bats
  3 giant cockroaches
  3 giant newts
  A gnoll zombie (Crypt:2)
  25 jackals
  2 jackal skeletons
  28 kobolds
  A kobold simulacrum (Crypt:2)
  A kobold skeleton (Crypt:1)
  An orc skeleton (Tar:7)
  2 orc zombies
  A quokka skeleton (Crypt:2)
  8 rats
  A spectral kobold (Crypt:3)
  A bush (Lair:2)
  9 crawling corpses
  A fungus (Lair:8)
  4 lurking horrors (Abyss:1)
  3 plants
  34 starspawn tentacles
  A starspawn tentacle segment (Abyss:1)
  11 tentacles
6875 creatures vanquished.

Vanquished Creatures (collateral kills)
  Lom Lobon (Pan)
  A pandemonium lord (Zig:10)
  8 greater mummies
  2 golden dragons (Zig:17)
  A Brimstone Fiend (Pan)
  A tentacled monstrosity (Zig:13)
  An Ice Fiend (Coc:7)
  2 liches
  3 deep elf master archers (Zig:16)
  5 quicksilver dragons
  4 acid blobs (Zig:14)
  2 Executioners (Pan)
  3 shadow dragons
  A storm dragon (Zig:17)
  3 tentacled starspawn (Abyss:1)
  2 azure jellies (Zig:14)
  3 daevas
  An iron dragon (Zig:17)
  2 balrugs
  A draconian zealot (Abyss:1)
  2 stone giants (Zig:8)
  5 reapers
  2 caustic shrike skeletons
  A war gargoyle (Zig:12)
  3 large abominations
  An elemental wellspring (Coc:7)
  2 apis (Pan)
  An ironheart preserver (Vaults:4)
  A deep elf demonologist (Zig:16)
  2 bennus (Tomb:3)
  A chaos champion (Zig:9)
  2 deep elf annihilators
  2 very ugly things
  A blizzard demon (Pan)
  A fire dragon (shapeshifter) (Zig:10)
  A quicksilver dragon skeleton (Pan)
  2 ice dragons (Zig:18)
  A great orb of eyes (Zig:14)
  A monstrous demonspawn (Pan)
  An alligator snapping turtle (shapeshifter) (Zig:10)
  An alligator (Zig:13)
  2 shock serpents
  2 hell hogs
  2 orc high priests
  2 soul eaters (Pan)
  A thrashing horror (Abyss:1)
  5 small abominations
  3 death drakes
  A cherub (Pan)
  2 deep elf summoners (Zig:16)
  A golden dragon skeleton (Zig:11)
  9 anubis guards (Tomb:3)
  A swamp dragon (Zig:18)
  2 flayed ghosts
  A deep elf conjurer (Zig:16)
  A tengu skeleton (Zig:11)
  A shadow dragon skeleton (Zig:11)
  2 oklob plants (Zig:5)
  2 ugly things
  An orc sorcerer (Zig:8)
  A fire giant zombie (Zig:5)
  A sixfirhy (Pan)
  A fire giant skeleton (Zig:5)
  3 rust devils
  A frost giant skeleton (Coc:7)
  An apocalypse crab (Zig:10)
  2 shining eyes (Zig:14)
  An orange demon (Pan)
  2 ice statues (Coc:7)
  An eye of devastation (Zig:14)
  2 spriggan zombies
  7 fire drakes
  3 smoke demons
  A hellion (Zig:12)
  2 red devils
  A deep elf priest (Zig:16)
  8 guardian mummies
  2 hellwings (Pan)
  A hydra zombie (Tomb:3)
  6 tormentors
  A wind drake (shapeshifter) (Zig:20)
  A blue devil (Zig:5)
  A raiju (Zig:15)
  A bog body (Zig:13)
  An ushabti (Tomb:3)
  6 slime creatures
  4 flying skulls
  2 water elementals (Coc:7)
  An ettin skeleton (Pan)
  An air elemental (Zig:15)
  4 wraiths
  A fire elemental (Abyss:1)
  A vampire (Zig:11)
  5 chaos spawn
  A vampire mosquito (Zig:13)
  6 deep elf magi (Zig:16)
  A ynoxinul (Pan)
  3 mottled dragons
  A deep elf fighter (Zig:16)
  A golden eye (Slime:5)
  3 steam dragons
  An insubstantial wisp (Zig:13)
  A naga (Snake:4)
  An orc warrior (Zig:8)
  4 neqoxecs (Pan)
  A snapping turtle zombie (Coc:7)
  A wasp (Zig:13)
  A hell hound (Zig:21)
  4 swamp drakes
  An eye of draining (Zig:14)
  A necrophage (Zig:11)
  7 jellies (Zig:14)
  3 starcursed masses (Abyss:1)
  3 iron imps
  A mummy (Tomb:3)
  4 orcs (Zig:8)
  5 crawling corpses
  3 starspawn tentacles (Abyss:1)
257 creatures vanquished.

Vanquished Creatures (others)
  2 ancient liches
  A lich (Crypt:3)
  An eldritch tentacle (Tomb:2)
  A thorn hunter (Swamp:4)
  A fire giant (Pan)
  A frost giant (IceCv)
  A caustic shrike zombie (Zig:21)
  2 elemental wellsprings (Coc:7)
  A reaper (Zig:21)
  A blizzard demon (Zig:20)
  2 deep elf high priests
  A hydra (Swamp:4)
  A centaur warrior (D:13)
  A death yak (IceCv)
  A spriggan berserker (Depths:4)
  A deep elf knight (Elf:2)
  A storm dragon zombie (Zig:11)
  2 skeletal warriors (D:11)
  6 ball lightnings (Pan)
  A swamp dragon (Zig:18)
  An orc knight (Orc:3)
  9 death scarabs (Tomb:2)
  4 wizards (Pan)
  A wolf spider zombie (Hell)
  2 orc sorcerers (Orc:4)
  3 salamanders (Volcano)
  A vault sentinel (Vaults:4)
  A black mamba (Lair:1)
  2 spiny frogs
  2 fire drakes
  2 komodo dragons (Lair:3)
  A deep elf priest (Vaults:2)
  An anaconda simulacrum (Abyss:1)
  A troll (Orc:1)
  A polar bear (IceCv)
  A bog body (Zig:13)
  A small abomination (Abyss:1)
  6 flying skulls
  A ynoxinul (Pan)
  2 wraiths
  6 yaks
  A wyvern (D:13)
  A water elemental (Coc:7)
  A fire elemental (D:13)
  A neqoxec (Pan)
  An elf skeleton (Zig:21)
  A naga (Zig:16)
  2 wolves
  2 water moccasins
  A deep elf fighter (Elf:3)
  2 mottled dragons (Zig:17)
  A sky beast (D:11)
  A wasp (Zig:13)
  A hell hound (D:13)
  A large abomination (Abyss:1)
  A swamp drake (Zig:17)
  3 orc warriors
  A fire dragon simulacrum (Tomb:3)
  A manticore skeleton (Tomb:3)
  2 ogres
  A giant frog (Lair:2)
  2 big kobolds (Zig:18)
  A giant frog zombie (D:12)
  A giant frog skeleton (D:13)
  6 orc priests
  A hound (Lair:8)
  3 iron imps
  2 orc wizards (Orc:4)
  2 mummies (Tomb:2)
  A river rat (Lair:1)
  A white imp (Abyss:1)
  3 orcs (D:14)
  4 briar patches (Swamp:2)
  200 eldritch tentacle segments
  4 fire vortices (Zig:20)
  17 fungi
  A lost soul (Crypt:3)
  6 lurking horrors
  23 plants
  75 starspawn tentacles
  980 starspawn tentacle segments
  16 tentacles
  407 tentacle segments
1860 creatures vanquished.

Grand Total: 8992 creatures vanquished

Notes
Turn   | Place    | Note
--------------------------------------------------------------
     0 | D:1      | Ohli the Demonspawn Fighter began the quest for the Orb.
     0 | D:1      | Reached XP level 1. HP: 18/18 MP: 1/1
     6 | D:1      | Noticed a black mamba
     6 | D:1      | Noticed a wyvern
     6 | D:1      | Noticed a black bear
   203 | D:1      | Gained mutation: You have a pair of small horns on your head. [demonic ancestry]
   203 | D:1      | Reached XP level 2. HP: 24/24 MP: 2/2
   690 | D:2      | Noticed Terence
   779 | D:2      | Killed Terence
   779 | D:2      | Reached skill level 1 in Dodging
   779 | D:2      | Gained mutation: You regenerate a little health from kills. [demonic ancestry]
   779 | D:2      | Reached XP level 3. HP: 24/29 MP: 3/3
  1011 | D:2      | Gained mutation: You are partially covered in iridescent scales (AC +4). [demonic ancestry]
  1011 | D:2      | Reached XP level 4. HP: 35/35 MP: 4/4
  1127 | D:2      | Found an iron altar of Okawaru.
  1299 | D:2      | Became a worshipper of Warmaster Okawaru
  1367 | D:2      | Found a snail-covered altar of Cheibriados.
  1433 | D:3      | Noticed a centaur
  1441 | D:3      | Killed a centaur
  1441 | D:3      | Gained mutation: You regenerate health from kills. [demonic ancestry]
  1441 | D:3      | Reached XP level 5. HP: 34/42 MP: 5/5
  1468 | D:3      | Found a faded altar to an unknown god.
  1499 | D:3      | Reached skill level 4 in Fighting
  1738 | D:3      | You fall through a shaft!
  1763 | D:4      | Reached * piety under Okawaru
  1799 | D:4      | Noticed Sigmund
  1826 | D:4      | Killed Sigmund
  1826 | D:4      | Gained mutation: You have a pair of horns on your head. [demonic ancestry]
  1826 | D:4      | Reached XP level 6. HP: 12/49 MP: 6/6
  1894 | D:4      | Found a blossoming altar of Fedhas.
  2354 | D:3      | Found a white marble altar of Elyvilon.
  2354 | D:3      | Found a radiant altar of Vehumet.
  3027 | D:4      | Noticed Blork the orc
  3035 | D:4      | Found a deep blue altar of Sif Muna.
  3153 | D:4      | Found an opulent altar of Gozag.
  3163 | D:4      | Reached ** piety under Okawaru
  3163 | D:4      | Reached XP level 7. HP: 19/55 MP: 7/7
  3164 | D:4      | Found a stormy altar of Qazlal.
  3166 | D:4      | Noticed Edmund
  3473 | D:3      | Killed Edmund
  3508 | D:4      | Reached skill level 5 in Fighting
  3730 | D:4      | Noticed Eustachio
  3753 | D:4      | Killed Eustachio
  3817 | D:4      | Got a thick robe
  3828 | D:4      | Identified the +2 robe of Greater Demons {+Fly rPois Int+2 SInv} (You found it on level 4 of the Dungeon)
  4194 | D:5      | Entered Level 5 of the Dungeon
  4267 | D:5      | Reached skill level 5 in Armour
  4267 | D:5      | Reached skill level 5 in Shields
  4267 | D:5      | Reached XP level 8. HP: 57/62 MP: 8/8
  4319 | D:5      | Noticed Grinder
  4357 | D:5      | Paralysed by Grinder for 4 turns
  4365 | D:5      | Paralysed by Grinder for 7 turns
  4374 | D:5      | Paralysed by Grinder for 5 turns
  4414 | D:5      | Killed Grinder
  4649 | D:5      | Reached skill level 5 in Long Blades
  5026 | D:6      | Noticed Ohli's ghost (amateur DsFi)
  5045 | D:6      | Killed Ohli's ghost
  5045 | D:6      | Reached skill level 6 in Fighting
  5084 | D:6      | Reached *** piety under Okawaru
  5181 | D:6      | Gained mutation: Your spells are a little harder to cast, but a little more powerful. [mutagenic meat]
  5182 | D:6      | Gained mutation: You are weak. (Str -2) [mutagenic meat]
  5184 | D:6      | Gained mutation: You are robust (+10% HP). [mutagenic meat]
  5185 | D:6      | Gained mutation: You have large cloven feet. [mutagenic meat]
  5186 | D:6      | Gained mutation: You have a pair of large horns on your head. [mutagenic meat]
  5337 | D:6      | Gained mutation: You are mostly covered in iridescent scales (AC +6). [demonic ancestry]
  5337 | D:6      | Reached XP level 9. HP: 68/76 MP: 9/9
  5504 | D:6      | Found a sparkling altar of Nemelex Xobeh.
  5843 | D:7      | Found a staircase to the Ecumenical Temple.
  6002 | Temple   | Entered the Ecumenical Temple
  6404 | D:7      | Found a basalt altar of Yredelemnul.
  6561 | D:7      | Reached skill level 7 in Fighting
  6598 | D:8      | Found Nofoul's Antique Armour Boutique.
  6720 | D:8      | Reached **** piety under Okawaru
  6973 | D:8      | Noticed Erica
  6994 | D:8      | Killed Erica
  6994 | D:8      | Gained mutation: Your flesh is cold resistant. [demonic ancestry]
  6994 | D:8      | Reached XP level 10. HP: 36/87 MP: 10/10
  7457 | D:9      | Found a staircase to the Lair.
  7931 | D:9      | Found Ufapnuz's General Store.
  7939 | D:9      | Reached skill level 8 in Fighting
  7959 | D:9      | Bought a scroll of remove curse for 39 gold pieces
  7965 | D:9      | Found Xoryqus's Armour Emporium.
  8035 | D:9      | Found Loubboji's Antique Armour Emporium.
  8064 | D:9      | Found a burning altar of Makhleb.
  8066 | D:9      | Noticed a balrug
  8071 | D:9      | Found Uptossec's Gadget Shoppe.
  8075 | D:9      | Found Qabupoor's Antique Armour Shop.
  8347 | D:9      | Reached ***** piety under Okawaru
  8452 | D:9      | Found an ancient bone altar of Kikubaaqudgha.
  8597 | D:9      | Received a gift from Okawaru
  8711 | D:9      | Reached skill level 1 in Invocations
  8755 | D:10     | Entered Level 10 of the Dungeon
  8832 | D:10     | Found Cozor's Armour Shop.
  8947 | D:10     | Noticed a hill giant
  8974 | D:10     | Killed a hill giant
  9005 | D:10     | Found a staircase to the Orcish Mines.
  9061 | D:10     | Noticed a hill giant
  9077 | D:10     | Killed a hill giant
  9077 | D:10     | Mutation became permanent: You have a pair of large horns on your head. [demonic ancestry]
  9077 | D:10     | Reached XP level 11. HP: 61/94 MP: 11/13
  9225 | D:10     | Reached skill level 9 in Fighting
  9680 | D:11     | Lost mutation: You have large cloven feet. [mutagenic meat]
  9710 | D:11     | Found a shimmering altar of Xom.
  9740 | D:11     | Noticed a hill giant
  9755 | D:11     | Killed a hill giant
  9755 | D:11     | Received a gift from Okawaru
  9902 | D:11     | Noticed Grum
  9908 | D:11     | Banished Grum
 10000 | D:11     | Noticed a skeletal warrior
 10002 | D:11     | Noticed a skeletal warrior
 10002 | D:11     | Noticed a skeletal warrior
 10007 | D:11     | Banished a skeletal warrior
 10011 | D:11     | Banished a skeletal warrior
 10011 | D:11     | Reached skill level 5 in Invocations
 10021 | D:11     | Killed a skeletal warrior
 10143 | D:11     | Noticed Sonja
 10260 | Lair:1   | Entered Level 1 of the Lair of Beasts
 10347 | Lair:1   | Found a sparkling altar of Nemelex Xobeh.
 10620 | Lair:1   | Received a gift from Okawaru
 11040 | Lair:1   | Gained mutation: You are completely covered in iridescent scales (AC +8). [demonic ancestry]
 11040 | Lair:1   | Reached XP level 12. HP: 105/105 MP: 16/16
 11277 | Lair:2   | Reached skill level 10 in Fighting
 11504 | Lair:2   | You fall through a shaft!
 11724 | Lair:3   | Received a gift from Okawaru
 12310 | Lair:3   | Reached skill level 10 in Armour
 12461 | Lair:4   | Noticed a seven-headed hydra
 12822 | Lair:2   | Noticed a five-headed hydra
 12842 | Lair:2   | Got a shimmering whip
 12843 | Lair:2   | Identified the +7 whip of Jeumi {pain, rF- Dex+3 Stlth+} (You found it on level 2 of the Lair of Beasts)
 13003 | Lair:2   | Killed a five-headed hydra
 13477 | Orc:1    | Entered Level 1 of the Orcish Mines
 13490 | Orc:1    | Found a roughly hewn altar of Beogh.
 13550 | Orc:1    | Found Ojizeiha's Food Emporium.
 13644 | Orc:1    | Found Humixton's Antique Armour Emporium.
 13673 | Orc:1    | Found a roughly hewn altar of Beogh.
 13731 | Orc:1    | Noticed Snorg
 14181 | D:9      | Bought a jewelled plate armour for 560 gold pieces
 14191 | D:9      | Identified the +2 plate armour "Etra" {Regen+} (You bought it in a shop on level 9 of the Dungeon)
 14422 | Orc:1    | Killed Snorg
 14422 | Orc:1    | Received a gift from Okawaru
 14422 | Orc:1    | Reached skill level 10 in Long Blades
 14427 | Orc:1    | Got a crystal falchion {god gift}
 14806 | Orc:3    | Reached skill level 1 in Evocations
 14819 | Orc:3    | Reached skill level 11 in Fighting
 14828 | Orc:3    | Reached XP level 13. HP: 108/115 MP: 19/19
 14905 | Orc:3    | Reached skill level 10 in Shields
 14984 | Orc:3    | Found a dark tunnel.
 14998 | Volcano  | Entered a volcano
 15623 | Orc:4    | Entered Level 4 of the Orcish Mines
 15815 | Orc:4    | Received a gift from Okawaru
 16064 | Orc:4    | Paralysed by an orc sorcerer for 4 turns
 16454 | Orc:2    | Paralysed by an orc sorcerer for 7 turns
 16600 | Orc:2    | Found Giconk's Assorted Antiques.
 16646 | Orc:2    | Bought a scroll of teleportation for 99 gold pieces
 16646 | Orc:2    | Bought a scroll of teleportation for 99 gold pieces
 16960 | Orc:4    | Found Xogililo's Armour Shop.
 16960 | Orc:4    | Found Nupteja's Antique Weapon Boutique.
 16960 | Orc:4    | Found Halir Pig's General Store.
 16964 | Orc:4    | Found Naurun's Food Shop.
 16971 | Orc:4    | Bought a scroll of blinking for 112 gold pieces
 16971 | Orc:4    | Bought a potion of might for 60 gold pieces
 17337 | D:11     | Banished Sonja
 17775 | D:12     | Found a frozen archway.
 17835 | IceCv    | Entered an ice cave
 17857 | IceCv    | Received a gift from Okawaru
 18061 | IceCv    | Reached skill level 5 in Evocations
 18167 | IceCv    | Reached XP level 14. HP: 124/124 MP: 20/20
 18186 | IceCv    | Reached skill level 12 in Fighting
 18311 | IceCv    | Noticed a frost giant
 18485 | IceCv    | Banished a frost giant
 18910 | D:12     | Found a stormy altar of Qazlal.
 19325 | D:12     | Identified the +7 falchion of Extinguishment {freeze, rElec} (Okawaru gifted it to you on level 1 of the Orcish Mines)
 19518 | D:13     | Found a gate to the Vaults.
 19586 | D:13     | Noticed Nessos
 19781 | D:13     | Noticed Urug
 19791 | D:13     | Banished Nessos
 19800 | D:13     | Killed Urug
 19844 | D:13     | Noticed Azrael
 19883 | D:13     | Killed Azrael
 20172 | D:13     | Found a glowing silver altar of Zin.
 20555 | D:14     | Received a gift from Okawaru
 20593 | D:14     | Found a labyrinth entrance.
 20597 | Lab      | Entered a labyrinth
 21547 | Lab      | Got a pitted fire dragon armour
 21558 | Lab      | Identified the +8 fire dragon armour of Love and Death {rF++ rC- Dex+3 Stlth+} (You found it in a labyrinth)
 21643 | D:14     | Noticed Agnes
 21679 | D:14     | Killed Agnes
 22013 | D:14     | Noticed a fire giant
 22025 | D:14     | Killed a fire giant
 22208 | D:14     | Noticed a fire giant
 22226 | D:14     | Reached XP level 15. HP: 110/134 MP: 13/21
 22238 | D:14     | Killed a fire giant
 22240 | D:14     | Received a gift from Okawaru
 22241 | D:14     | Got a dazzling chain mail {god gift}
 22252 | D:14     | Identified the +0 chain mail "Tocoal" {Dex+2} (Okawaru gifted it to you on level 14 of the Dungeon)
 22736 | Lair:4   | Reached skill level 13 in Fighting
 22944 | Lair:4   | Killed a three-headed hydra
 24365 | Lair:6   | Found a staircase to the Snake Pit.
 24683 | Lair:6   | Found a staircase to the Swamp.
 25122 | Lair:7   | Noticed Maud
 25133 | Lair:7   | Killed Maud
 25277 | Lair:7   | Found a white marble altar of Elyvilon.
 25826 | Lair:7   | Received a gift from Okawaru
 25903 | Lair:8   | Entered Level 8 of the Lair of Beasts
 26289 | Lair:8   | Found a viscous altar of Jiyva.
 26289 | Lair:8   | Found a staircase to the Slime Pits.
 26629 | Lair:8   | Noticed an azure jelly
 26639 | Lair:8   | Killed an azure jelly
 26690 | Lair:8   | Received a gift from Okawaru
 26713 | Lair:8   | Got a pair of shimmering gloves {god gift}
 26719 | Lair:8   | Identified the +0 pair of gloves of the Spheres {rN+} (Okawaru gifted it to you on level 8 of the Lair of Beasts)
 26968 | Lair:8   | Gained mutation: Your magical and physical power is slightly enhanced at high health. [demonic ancestry]
 26968 | Lair:8   | Reached XP level 16. HP: 144/144 MP: 20/22
 27665 | D:14     | Lost mutation: You are weak. (Str -2) [mutagenic meat]
 27666 | D:14     | Gained mutation: Armour fits poorly on your strangely shaped body. [mutagenic meat]
 27852 | D:15     | Entered Level 15 of the Dungeon
 27960 | D:15     | Found a staircase to the Depths.
 28297 | D:15     | Gained mutation: You can spit weak poison. [mutagenic meat]
 28298 | D:15     | Gained mutation: You can translocate small distances at will. [mutagenic meat]
 28705 | D:15     | Gained mutation: You tend to lose your temper in combat. [mutagenic meat]
 28706 | D:15     | Gained mutation: You are agile. (Dex +2) [mutagenic meat]
 28707 | D:15     | Lost mutation: You are robust (+10% HP). [mutagenic meat]
 28708 | D:15     | Lost mutation: You are agile. (Dex +2) [mutagenic meat]
 28710 | D:15     | Gained mutation: You are dopey. (Int -2) [mutagenic meat]
 28715 | D:15     | Lost mutation: Armour fits poorly on your strangely shaped body. [potion of cure mutation]
 28715 | D:15     | Lost mutation: You are dopey. (Int -2) [potion of cure mutation]
 28715 | D:15     | Lost mutation: You tend to lose your temper in combat. [potion of cure mutation]
 28715 | D:15     | Lost mutation: You can spit weak poison. [potion of cure mutation]
 28959 | Orc:4    | Bought a scroll of teleportation for 45 gold pieces
 29327 | Swamp:1  | Entered Level 1 of the Swamp
 29379 | Swamp:1  | Reached ****** piety under Okawaru
 29429 | Swamp:1  | Received a gift from Okawaru
 29852 | Swamp:1  | Noticed Donald
 29879 | Swamp:1  | Killed Donald
 30491 | Swamp:2  | Reached skill level 14 in Fighting
 31527 | Swamp:3  | Found a burning altar of Makhleb.
 31620 | Swamp:3  | Reached skill level 10 in Evocations
 31697 | Swamp:3  | Reached XP level 17. HP: 124/139 MP: 20/24
 31982 | Swamp:3  | Received a gift from Okawaru
 32144 | Swamp:4  | Entered Level 4 of the Swamp
 32265 | Swamp:4  | Identified a scroll of acquirement
 33635 | Swamp:4  | Got a decaying rune of Zot
 33797 | Swamp:2  | You fall through a shaft!
 34213 | Vaults:1 | Entered Level 1 of the Vaults
 34317 | Vaults:1 | Received a gift from Okawaru
 34411 | Vaults:1 | Noticed a Hell Sentinel
 34743 | Vaults:1 | Gained mutation: Your natural rate of healing is unusually fast. [mutagenic meat]
 34898 | Vaults:1 | Received a gift from Okawaru
 34966 | Vaults:1 | Paralysed by a hornet for 4 turns
 35325 | Vaults:1 | Noticed Asterion
 35355 | Vaults:1 | Killed Asterion
 35664 | Vaults:1 | Reached skill level 15 in Armour
 35664 | Vaults:1 | Gained mutation: Your magical and physical power is enhanced at high health. [demonic ancestry]
 35664 | Vaults:1 | Reached XP level 18. HP: 147/147 MP: 26/26
 35825 | Vaults:1 | Found Koffa's Antique Armour Boutique.
 35924 | Vaults:1 | Noticed Aizul
 35944 | Vaults:1 | Killed Aizul
 35944 | Vaults:1 | Received a gift from Okawaru
 35945 | Vaults:1 | Got a scorched spear {god gift}
 35946 | Vaults:1 | Identified the +7 spear of the Mushroom {pierce, MP+9} (Okawaru gifted it to you on level 1 of the Vaults)
 36261 | Vaults:1 | Reached skill level 15 in Long Blades
 36312 | Vaults:2 | Noticed Mara
 36331 | Vaults:2 | Noticed Ohli's illusion
 36334 | Vaults:2 | Killed Mara
 36396 | Vaults:2 | Noticed Norris
 36443 | Vaults:2 | Killed Norris
 36493 | Vaults:2 | Received a gift from Okawaru
 37053 | Vaults:2 | Reached skill level 15 in Fighting
 37178 | Vaults:2 | Found Sumabol's Magic Scroll Emporium.
 37185 | Vaults:2 | Bought a scroll of identify for 34 gold pieces
 37185 | Vaults:2 | Bought a scroll of teleportation for 51 gold pieces
 37185 | Vaults:2 | Bought a scroll of enchant weapon for 127 gold pieces
 37185 | Vaults:2 | Bought a scroll of identify for 34 gold pieces
 37584 | Vaults:3 | Noticed Jory
 38066 | Vaults:3 | Received a gift from Okawaru
 38190 | Vaults:3 | Found a magical portal.
 38199 | WizLab   | Entered Wucad Mu's Monastery
 38203 | WizLab   | Noticed ldierk's ghost (adept MiHu)
 38233 | WizLab   | Killed ldierk's ghost
 38435 | WizLab   | Reached skill level 16 in Armour
 38435 | WizLab   | Gained mutation: You are immune to freezing clouds. [demonic ancestry]
 38435 | WizLab   | Reached XP level 19. HP: 155/155 MP: 12/27
 38693 | Vaults:3 | Gained mutation: You regenerate a lot of health from kills. [demonic ancestry]
 38693 | Vaults:3 | Reached XP level 20. HP: 151/162 MP: 23/28
 38737 | Vaults:3 | Found a staircase to the Crypt.
 38838 | Vaults:3 | Received a gift from Okawaru
 39232 | Vaults:3 | Killed Jory
 40293 | Vaults:4 | Reached skill level 17 in Fighting
 41018 | Snake:1  | Entered Level 1 of the Snake Pit
 41474 | Orc:3    | Found a staircase to the Elven Halls.
 41568 | Elf:1    | Entered Level 1 of the Elven Halls
 41592 | Elf:1    | Noticed bezhaha's ghost (journeyman TrCK)
 41642 | Elf:1    | Killed bezhaha's ghost
 41963 | Elf:1    | Gained mutation: Your muscles are strong. (Str +2) [potion of beneficial mutation]
 42317 | Elf:2    | Received a gift from Okawaru
 42342 | Elf:2    | XOM: divination: detect creatures
 42351 | Elf:2    | Drew Focus: Str increased to 25, Int decreased to 9
 42432 | Elf:2    | Reached skill level 18 in Fighting
 42530 | Elf:2    | Found a deep blue altar of Sif Muna.
 42675 | Elf:2    | Found a huge runed gate.
 42675 | Elf:2    | Found a huge runed gate.
 42675 | Elf:2    | Found a huge runed gate.
 42676 | Elf:2    | Found a huge runed gate.
 42676 | Elf:2    | Found a huge runed gate.
 42978 | Elf:2    | Reached skill level 15 in Shields
 43100 | Elf:2    | Noticed Louise
 43121 | Elf:2    | Killed Louise
 43276 | Elf:3    | Entered Level 3 of the Elven Halls
 43294 | Elf:3    | Reached skill level 19 in Fighting
 43503 | Elf:3    | Reached XP level 21. HP: 148/180 MP: 23/29
 43584 | Elf:3    | Received a gift from Okawaru
 43911 | Elf:3    | Got a glittering marble ring
 43914 | Elf:3    | Got a crude whip {slash}
 43925 | Elf:3    | Identified the ring of Moecir {rC+ Stlth+} (You found it on level 3 of the Elven Halls)
 43973 | Elf:3    | Reached skill level 20 in Fighting
 43977 | Elf:3    | Got a translucent great sword {flame}
 43983 | Elf:3    | Identified the cursed +0 great sword of Crystal {flame, Str+6 Int-3 Stlth+} (You took it off a deep elf demonologist on level 3 of the Elven Halls)
 44029 | Elf:3    | Received a gift from Okawaru
 44090 | Elf:3    | Got a pitted dagger
 44134 | Elf:3    | Got a fine plate armour
 44154 | Elf:3    | Identified the +8 plate armour of an ice cave {rElec rCorr Dex-3 Slay+5} (You found it on level 3 of the Elven Halls)
 45032 | Crypt:1  | Entered Level 1 of the Crypt
 45727 | Crypt:1  | Received a gift from Okawaru
 45728 | Crypt:1  | Got a translucent short sword {god gift}
 45774 | Crypt:1  | Identified the +5 short sword of Action {drain, rF+ Str-2 SInv} (Okawaru gifted it to you on level 1 of the Crypt)
 46168 | Crypt:2  | Received a gift from Okawaru
 46169 | Crypt:2  | Got a scorched crystal plate armour {god gift}
 46197 | Crypt:2  | Identified the +1 crystal plate armour of Trial and Error {rC+++ rCorr Int+2 Stlth-} (Okawaru gifted it to you on level 2 of the Crypt)
 46308 | Crypt:2  | Reached skill level 21 in Fighting
 46639 | Crypt:3  | Entered Level 3 of the Crypt
 46706 | Crypt:3  | Gained mutation: Your magical and physical power is greatly enhanced at high health. [demonic ancestry]
 46706 | Crypt:3  | Reached XP level 22. HP: 194/194 MP: 30/30
 46830 | Crypt:3  | Found an ancient bone altar of Kikubaaqudgha.
 47023 | Crypt:3  | Gained mutation: You can spit weak poison. [potion of beneficial mutation]
 47099 | Crypt:3  | Noticed Khufu
 47123 | Crypt:3  | Killed Khufu
 47294 | Crypt:3  | Received a gift from Okawaru
 47414 | Crypt:3  | Found a staircase to the Tomb.
 47545 | Crypt:3  | Reached skill level 22 in Fighting
 47646 | Crypt:3  | Received a gift from Okawaru
 47752 | Crypt:3  | Got an ancient scale mail {god gift}
 47763 | Crypt:3  | Identified the +5 scale mail "Cupnah" {+Blink} (Okawaru gifted it to you on level 3 of the Crypt)
 49268 | Snake:2  | Found Subuishu's Weapon Emporium.
 49736 | Snake:2  | Found Zuschar's Assorted Antiques.
 49743 | Snake:2  | Bought a potion of heal wounds for 200 gold pieces
 49743 | Snake:2  | Bought a scroll of magic mapping for 140 gold pieces
 49743 | Snake:2  | Bought a scroll labeled TOYS JABEUMN for 40 gold pieces
 49863 | Snake:2  | Found Vicsev's Distillery.
 49879 | Snake:2  | Bought a potion of flight for 39 gold pieces
 49879 | Snake:2  | Bought a potion of curing for 39 gold pieces
 50234 | Snake:3  | Noticed Kirke
 50241 | Snake:3  | Killed Kirke
 50522 | Snake:4  | Entered Level 4 of the Snake Pit
 50614 | Snake:4  | Got a warped ring mail
 50625 | Snake:4  | Identified the +1 ring mail of the Poles {+Inv rElec Str+3 Slay-5} (You found it on level 4 of the Snake Pit)
 50758 | Snake:4  | Reached skill level 23 in Fighting
 50758 | Snake:4  | Reached XP level 23. HP: 201/206 MP: 31/31
 50869 | Snake:4  | Found Mymuahul's Distillery.
 50890 | Snake:4  | Bought a potion of haste for 140 gold pieces
 50890 | Snake:4  | Bought a potion of cancellation for 112 gold pieces
 50890 | Snake:4  | Bought a potion of curing for 42 gold pieces
 50890 | Snake:4  | Bought a potion of heal wounds for 70 gold pieces
 50890 | Snake:4  | Bought a potion of agility for 56 gold pieces
 50890 | Snake:4  | Bought a potion of agility for 56 gold pieces
 50890 | Snake:4  | Bought 2 potions of heal wounds for 140 gold pieces
 50925 | Snake:4  | Received a gift from Okawaru
 51361 | Snake:4  | Got a serpentine rune of Zot
 51367 | Snake:4  | Noticed Vashnia
 51400 | Snake:4  | Killed Vashnia
 51772 | Snake:4  | Got a fine robe
 51783 | Snake:4  | Identified the +2 robe "Jaitafo" {rElec} (You found it on level 4 of the Snake Pit)
 52463 | Depths:1 | Entered Level 1 of the Depths
 52512 | Depths:1 | Found a gateway to Hell.
 52753 | Depths:1 | Found a one-way gate leading to the halls of Pandemonium.
 53105 | Depths:1 | Found a runed door.
 53286 | Depths:1 | Received a gift from Okawaru
 53349 | Depths:1 | Found a radiant altar of Vehumet.
 53349 | Depths:1 | Noticed an ancient lich
 53363 | Depths:1 | Killed an ancient lich
 53592 | Depths:2 | Found a one-way gate to the infinite horrors of the Abyss.
 53682 | Depths:2 | Received a gift from Okawaru
 54595 | Depths:3 | Noticed a juggernaut
 54616 | Depths:3 | Killed a juggernaut
 54616 | Depths:3 | Gained mutation: A meltable icy envelope protects you from harm (AC +10). [demonic ancestry]
 54616 | Depths:3 | Reached XP level 24. HP: 214/214 MP: 21/31
 54904 | Depths:3 | Found a gateway to a bazaar.
 55267 | D:9      | Bought a wand of disintegration (16) for 220 gold pieces
 55693 | Depths:3 | Received a gift from Okawaru
 55694 | Depths:3 | Got an ancient scimitar {god gift}
 55695 | Depths:3 | Identified the +11 scimitar "Qoif" {venom, *Drain Dex+5} (Okawaru gifted it to you on level 3 of the Depths)
 55734 | Bazaar   | Entered a bazaar
 55736 | Bazaar   | Found Lush's Gadget Boutique.
 55740 | Bazaar   | Bought a plain deck of summoning for 168 gold pieces
 55745 | Bazaar   | Found Yban's Weapon Boutique.
 55745 | Bazaar   | Found Nufe Uwa's Antique Armour Boutique.
 55746 | Bazaar   | Found Isiz's Magic Scroll Boutique.
 55761 | Bazaar   | Bought a scroll of teleportation for 27 gold pieces
 55761 | Bazaar   | Bought a scroll of identify for 18 gold pieces
 55761 | Bazaar   | Bought a scroll of teleportation for 27 gold pieces
 55761 | Bazaar   | Bought a scroll of identify for 18 gold pieces
 55761 | Bazaar   | Bought a scroll of identify for 18 gold pieces
 55761 | Bazaar   | Bought a scroll of identify for 18 gold pieces
 56608 | Depths:4 | Found a gateway to a ziggurat.
 56864 | Depths:4 | Got a pair of dazzling gloves
 56875 | Depths:4 | Identified the +2 pair of gloves of the Ego {Int+4} (You found it on level 4 of the Depths)
 57225 | Depths:5 | Entered Level 5 of the Depths
 57321 | Depths:5 | Received a gift from Okawaru
 57398 | Depths:5 | Found a gate to the Realm of Zot.
 57542 | Depths:5 | Received a gift from Okawaru
 57543 | Depths:5 | Got a brightly glowing falchion {god gift}
 57546 | Depths:5 | Identified the +9 falchion of Capital Punishment {slice, rC+ MR+ Stlth+} (Okawaru gifted it to you on level 5 of the Depths)
 58277 | Vaults:5 | Entered Level 5 of the Vaults
 58414 | Vaults:5 | Reached XP level 25. HP: 221/221 MP: 28/31
 58468 | Vaults:5 | Received a gift from Okawaru
 59504 | Vaults:5 | Received a gift from Okawaru
 59565 | Vaults:5 | Reached skill level 24 in Long Blades
 59662 | Vaults:5 | Got a dazzling plate armour
 59673 | Vaults:5 | Identified the +0 plate armour of Inevitability {rCorr Str-2 Int+6} (You took it off a deep elf high priest on level 5 of the Vaults)
 59944 | Vaults:5 | Got a pitted lead amulet
 59946 | Vaults:5 | Identified the amulet "Sudghigo" {Inacc rN+ Int+4} (You found it on level 5 of the Vaults)
 60228 | Vaults:5 | Got a silver rune of Zot
 60537 | Tomb:1   | Entered Level 1 of the Tomb of the Ancients
 60655 | Tomb:1   | Reached skill level 5 in Dodging
 60687 | Tomb:1   | Received a gift from Okawaru
 60693 | Tomb:1   | Paralysed by a sphinx for 3 turns
 60712 | Tomb:1   | Reached XP level 26. HP: 227/227 MP: 31/31
 63128 | Slime:1  | Entered Level 1 of the Pits of Slime
 63221 | Slime:1  | Gained mutation: Scrolls take you a little longer to read. [a shining eye]
 63227 | Slime:1  | Gained mutation: You are dopey. (Int -2) [a shining eye]
 63232 | Slime:1  | Gained mutation: You are frail (-10% HP). [a shining eye]
 63402 | Slime:2  | Gained mutation: Your body sometimes deteriorates upon taking damage. [a shining eye]
 63408 | Slime:2  | Lost mutation: Your muscles are strong. (Str +2) [a shining eye]
 63411 | Slime:1  | Gained mutation: You are very frail (-20% HP). [a shining eye]
 63757 | Slime:3  | Lost mutation: Your body sometimes deteriorates upon taking damage. [potion of cure mutation]
 63757 | Slime:3  | Lost mutation: You are very frail (-20% HP). [potion of cure mutation]
 63757 | Slime:3  | Lost mutation: You can spit weak poison. [potion of cure mutation]
 63757 | Slime:3  | Lost mutation: Your spells are a little harder to cast, but a little more powerful. [potion of cure mutation]
 63757 | Slime:3  | Lost mutation: You are frail (-10% HP). [potion of cure mutation]
 63848 | Slime:4  | Lost mutation: Scrolls take you a little longer to read. [a shining eye]
 63990 | Slime:3  | Gained mutation: You are resistant to electric shocks. [a shining eye]
 63993 | Slime:3  | Gained mutation: You are frail (-10% HP). [a shining eye]
 63995 | Slime:3  | Gained mutation: Your body sometimes deteriorates upon taking damage. [a shining eye]
 63996 | Slime:3  | Gained mutation: You expend magic power (3 MP) to strengthen your wands. [a shining eye]
 64648 | Slime:5  | Gained mutation: You are agile. (Dex +2) [a shining eye]
 64650 | Slime:5  | Gained mutation: Your spells are a little easier to cast, but a little less powerful. [a shining eye]
 64653 | Slime:5  | Gained mutation: You are weak. (Str -2) [a shining eye]
 64868 | Slime:6  | Entered Level 6 of the Pits of Slime
 64878 | Slime:6  | Reached skill level 15 in Evocations
 65110 | Slime:6  | Received a gift from Okawaru
 65116 | Slime:6  | Got an ancient great sword {god gift}
 65134 | Slime:6  | Identified the +6 great sword "Niklucsy" {slice, +Rage Str+4} (Okawaru gifted it to you on level 6 of the Pits of Slime)
 65191 | Slime:6  | Noticed the royal jelly
 65234 | Slime:6  | Killed the royal jelly
 65234 | Slime:6  | Gained mutation: You occasionally shout uncontrollably at your foes. [a shining eye]
 65255 | Slime:6  | Gained mutation: Your magical capacity is low (-10% MP). [a shining eye]
 65279 | Slime:6  | Gained mutation: Your body often deteriorates upon taking damage. [a shining eye]
 65282 | Slime:6  | Gained mutation: Scrolls take you a little longer to read. [a shining eye]
 65285 | Slime:6  | Gained mutation: Armour fits poorly on your strangely shaped body. [a shining eye]
 65524 | Slime:6  | Got a slimy rune of Zot
 65576 | Slime:6  | Got a crystal scimitar
 65577 | Slime:6  | Identified the +11 scimitar "Feluucob" {slice, Int+2} (You found it on level 6 of the Pits of Slime)
 66709 | Hell     | Entered the Vestibule of Hell
 66709 | Hell     | Noticed Geryon
 66794 | Hell     | Killed Geryon
 66845 | Hell     | Found a gateway to the freezing wastes of Cocytus.
 66965 | Hell     | Found a gateway to the Iron City of Dis.
 67031 | Hell     | Found a gateway to the ashen valley of Gehenna.
 67094 | Hell     | Received a gift from Okawaru
 67094 | Hell     | Reached XP level 27. HP: 206/208 MP: 29/31
 67344 | Hell     | Found a gateway to the decaying netherworld of Tartarus.
 67883 | Snake:2  | Lost mutation: You expend magic power (3 MP) to strengthen your wands. [potion of mutation]
 68313 | Depths:2 | Lost mutation: Your magical capacity is low (-10% MP). [potion of mutation]
 68313 | Depths:2 | Lost mutation: You are weak. (Str -2) [potion of mutation]
 69292 | D:9      | Fell from the grace of Okawaru
 69292 | D:9      | Became a worshipper of Makhleb the Destroyer
 69496 | Pan      | Entered Pandemonium
 69599 | Pan      | Gained mutation: You sometimes yell uncontrollably at your foes. [a neqoxec]
 69604 | Pan      | Lost mutation: You are agile. (Dex +2) [a neqoxec]
 69677 | Pan      | Gained mutation: You frequently scream uncontrollably at your foes. [a neqoxec]
 69684 | Pan      | Gained mutation: You are very frail (-20% HP). [a neqoxec]
 69694 | Pan      | Reached * piety under Makhleb
 69703 | Pan      | Got a faintly glowing golden ring
 69705 | Pan      | Identified the cursed ring "Fagatten" {rElec rF- MR+++ AC-4 Dex+3} (You took it off a corrupter in Pandemonium)
 69939 | Pan      | Found an exit through the horrors of the Abyss.
 70726 | Pan      | Reached ** piety under Makhleb
 70922 | Pan      | Gained mutation: Your spells are easier to cast, but less powerful. [a neqoxec]
 70938 | Pan      | Gained mutation: You tend to lose your temper in combat. [a neqoxec]
 71017 | Pan      | Found an exit through the horrors of the Abyss.
 71513 | Pan      | Gained mutation: You are very dopey. (Int -4) [a neqoxec]
 71754 | Pan      | Gained mutation: Your magical capacity is low (-10% MP). [a neqoxec]
 71756 | Pan      | Gained mutation: Your magical capacity is very low (-20% MP). [a neqoxec]
 71758 | Pan      | Gained mutation: Scrolls take you longer to read. [a neqoxec]
 72277 | Pan      | Noticed Uquv the pandemonium lord
 72290 | Pan      | Killed Uquv the pandemonium lord
 72455 | Pan      | Noticed Rusuemn the pandemonium lord
 72474 | Pan      | Gained mutation: Scrolls take you much longer to read. [a neqoxec]
 72475 | Pan      | Reached *** piety under Makhleb
 72487 | Pan      | Lost intelligence.
 72510 | Pan      | Lost mutation: Scrolls take you much longer to read. [helix card]
 72514 | Pan      | Found an exit through the horrors of the Abyss.
 72625 | Pan      | Gained mutation: You are agile. (Dex +2) [helix card]
 74764 | Pan      | Was forgiven by Okawaru
 76094 | Pan      | Took an exit into the Abyss.
 76094 | Abyss:1  | Escaped into the Abyss
 76217 | Abyss:1  | Killed Grum
 76365 | Abyss:1  | Killed Sonja
 76412 | Abyss:1  | Reached **** piety under Makhleb
 76826 | Abyss:1  | Killed Nessos
 76839 | Abyss:1  | Got an uncursed smoking falchion {elec}
 76846 | Abyss:1  | Lost mutation: Your magical capacity is very low (-20% MP). [mutagenic meat]
 76847 | Abyss:1  | Lost mutation: You are very dopey. (Int -4) [mutagenic meat]
 77003 | Abyss:1  | Noticed an ancient lich
 77009 | Abyss:1  | Reached ***** piety under Makhleb
 77016 | Abyss:1  | Killed an ancient lich
 77880 | Abyss:1  | Paralysed by accursed screaming for 1 turns
 77899 | Abyss:1  | Paralysed by accursed screaming for 1 turns
 77945 | Abyss:1  | Lost mutation: You frequently scream uncontrollably at your foes. [mutagenic meat]
 77947 | Abyss:1  | Lost mutation: You tend to lose your temper in combat. [mutagenic meat]
 78116 | Abyss:1  | Reached ****** piety under Makhleb
 78169 | Abyss:1  | Found a corrupted altar of Lugonu.
 78287 | Abyss:1  | Paralysed by accursed screaming for 1 turns
 78334 | Abyss:1  | Paralysed by accursed screaming for 1 turns
 78929 | Abyss:1  | Lost mutation: You are agile. (Dex +2) [mutagenic meat]
 79395 | Abyss:3  | Reached skill level 10 in Invocations
 79678 | Abyss:3  | Identified the +8 falchion of Bit Enid {elec, +Fly rElec Dex+3} (You took it off Nessos on level 1 of the Abyss)
 80288 | Abyss:3  | Got an abyssal rune of Zot
 80314 | Abyss:3  | Found a corrupted altar of Lugonu.
 80338 | Abyss:3  | Found a corrupted altar of Lugonu.
 80369 | Abyss:3  | Found a corrupted altar of Lugonu.
 80577 | Abyss:3  | Paralysed by you for 2 turns
 81055 | Abyss:3  | Reached skill level 15 in Invocations
 81331 | Depths:1 | Escaped the Abyss
 81375 | Depths:1 | Lost mutation: Your spells are easier to cast, but less powerful. [mutagenic meat]
 85325 | Tomb:3   | Entered Level 3 of the Tomb of the Ancients
 85343 | Tomb:3   | Noticed an ancient lich
 85816 | Tomb:2   | Killed an ancient lich
 87365 | Depths:2 | Voluntarily entered the Abyss.
 87379 | Abyss:1  | Found a corrupted altar of Lugonu.
 87463 | Abyss:1  | Paralysed by accursed screaming for 2 turns
 87476 | Abyss:1  | Paralysed by accursed screaming for 2 turns
 87546 | Abyss:1  | Paralysed by accursed screaming for 2 turns
 87553 | Abyss:1  | Lost mutation: Your spells are a little easier to cast, but a little less powerful. [mutagenic meat]
 87559 | Abyss:1  | Lost mutation: You are dopey. (Int -2) [mutagenic meat]
 87560 | Abyss:1  | Lost mutation: Your body often deteriorates upon taking damage. [mutagenic meat]
 87563 | Abyss:1  | Lost mutation: Scrolls take you longer to read. [mutagenic meat]
 87891 | Abyss:1  | Reached skill level 25 in Fighting
 88102 | Abyss:1  | Upgraded the game from 0.17.0-24-gcfadda4 to 0.17.0-26-gececa24
 88225 | Abyss:1  | Found a corrupted altar of Lugonu.
 88427 | Abyss:1  | Lost mutation: Your body sometimes deteriorates upon taking damage. [mutagenic meat]
 88929 | Abyss:1  | Found a deep blue altar of Sif Muna.
 89073 | Abyss:1  | Got a brightly glowing scimitar
 89076 | Abyss:1  | Identified the +8 scimitar of Xom's Brutal Revenge {flame, rPois} (You found it on level 1 of the Abyss)
 89281 | Abyss:1  | Noticed an ancient lich
 89292 | Abyss:1  | Killed an ancient lich
 89517 | Abyss:1  | Reached skill level 26 in Fighting
 89794 | Abyss:1  | Found a corrupted altar of Lugonu.
 90467 | Abyss:1  | Paralysed by accursed screaming for 1 turns
 90475 | Abyss:1  | Gained mutation: You can breathe flames. [mutagenic meat]
 90476 | Abyss:1  | Lost mutation: You sometimes yell uncontrollably at your foes. [mutagenic meat]
 90477 | Abyss:1  | Gained mutation: You are weak. (Str -2) [mutagenic meat]
 90484 | Abyss:1  | Paralysed by accursed screaming for 2 turns
 90599 | Abyss:1  | Reached skill level 27 in Fighting
 90890 | Abyss:1  | Noticed an ancient lich
 90904 | Abyss:1  | Killed an ancient lich
 91141 | Abyss:1  | Gained mutation: You can breathe fire. [mutagenic meat]
 91619 | Abyss:1  | Lost mutation: You can breathe fire. [mutagenic meat]
 91620 | Abyss:1  | Lost mutation: You can translocate small distances at will. [mutagenic meat]
 91622 | Abyss:1  | Gained mutation: You passively map a small area around you. [mutagenic meat]
 91623 | Abyss:1  | Lost mutation: Your magical capacity is low (-10% MP). [mutagenic meat]
 91624 | Abyss:1  | Gained mutation: You are extremely frail (-30% HP). [mutagenic meat]
 92228 | Abyss:1  | Noticed an ancient lich
 92234 | Abyss:1  | Killed an ancient lich
 92326 | Abyss:1  | Lost mutation: You occasionally shout uncontrollably at your foes. [mutagenic meat]
 92355 | Abyss:1  | Found a shattered altar of Ashenzari.
 92428 | Abyss:1  | Found a shattered altar of Ashenzari.
 92535 | Abyss:1  | Lost mutation: Your natural rate of healing is unusually fast. [mutagenic meat]
 92636 | Abyss:1  | Gained mutation: You expend magic power (3 MP) to strengthen your wands. [a neqoxec]
 92893 | Abyss:1  | Lost mutation: You are weak. (Str -2) [mutagenic meat]
 93077 | Depths:2 | Escaped the Abyss
 94430 | Tomb:3   | Got a pitted platinum ring
 94432 | Tomb:3   | Identified the ring "Ceagaicu" {*Contam +Inv rF+ MP-9 Str+11} (You found it on level 3 of the Tomb of the Ancients)
 94688 | Tomb:3   | Got a heavily runed platinum ring
 94690 | Tomb:3   | Identified the ring of Dedd {MR+ Str+5} (You took it off a greater mummy on level 3 of the Tomb of the Ancients)
 94706 | Tomb:3   | Got a golden rune of Zot
 94797 | Tomb:3   | Got a vibrating iron ring
 94798 | Tomb:3   | Identified the ring "Ostymeb" {Wiz Dex+3} (You found it on level 3 of the Tomb of the Ancients)
 94802 | Tomb:3   | Got a slimy brass ring
 94803 | Tomb:3   | Identified the ring of Vuinagg {Str+9 Int+4 Dex-2 SInv} (You found it on level 3 of the Tomb of the Ancients)
 94817 | Tomb:3   | Got a crude ivory amulet
 94819 | Tomb:3   | Identified the amulet "Tilo" {Clar -Tele rF+ rN+} (You found it on level 3 of the Tomb of the Ancients)
 95919 | Pan      | Entered Pandemonium
 96010 | Pan      | Lost mutation: You are extremely frail (-30% HP). [potion of cure mutation]
 96010 | Pan      | Lost mutation: You expend magic power (3 MP) to strengthen your wands. [potion of cure mutation]
 96010 | Pan      | Lost mutation: Scrolls take you a little longer to read. [potion of cure mutation]
 96010 | Pan      | Lost mutation: You are very frail (-20% HP). [potion of cure mutation]
 96048 | Pan      | Noticed Detirilo the pandemonium lord
 96059 | Pan      | Killed Detirilo the pandemonium lord
 96657 | Pan      | Found a gateway to a ziggurat.
 96693 | Pan      | Got a warped large shield
 96704 | Pan      | Identified the +3 large shield of Courage {MR+ rCorr Str-5} (You took it off a daeva in Pandemonium)
 96716 | Pan      | Gained mutation: Your body sometimes deteriorates upon taking damage. [a neqoxec]
 97291 | Pan      | Found an exit through the horrors of the Abyss.
 97432 | Pan      | Gained mutation: Scrolls take you a little longer to read. [a neqoxec]
 97450 | Zig:1    | Entered Level 1 of a ziggurat
 97474 | Zig:2    | Entered Level 2 of a ziggurat
 97497 | Zig:2    | Lost mutation: Scrolls take you a little longer to read. [mutagenic meat]
 97499 | Zig:2    | Gained mutation: You are very frail (-20% HP). [mutagenic meat]
 97512 | Zig:3    | Entered Level 3 of a ziggurat
 97567 | Zig:4    | Entered Level 4 of a ziggurat
 97604 | Zig:4    | Lost mutation: You are very frail (-20% HP). [mutagenic meat]
 97605 | Zig:4    | Lost mutation: You are frail (-10% HP). [mutagenic meat]
 97606 | Zig:4    | Gained mutation: You can translocate small distances at will. [mutagenic meat]
 97607 | Zig:4    | Gained mutation: Your muscles are strong. (Str +2) [mutagenic meat]
 97629 | Zig:5    | Entered Level 5 of a ziggurat
 97675 | Zig:6    | Entered Level 6 of a ziggurat
 97739 | Zig:7    | Entered Level 7 of a ziggurat
 97755 | Zig:7    | Noticed an ancient lich
 97755 | Zig:7    | Noticed an ancient lich
 97762 | Zig:7    | Killed an ancient lich
 97764 | Zig:7    | Reached skill level 10 in Dodging
 97775 | Zig:7    | Killed an ancient lich
 97802 | Zig:8    | Entered Level 8 of a ziggurat
 97866 | Zig:9    | Entered Level 9 of a ziggurat
 97884 | Zig:9    | Noticed Xoulorgh the pandemonium lord
 97892 | Zig:9    | Gained mutation: You have a beak for a mouth. [a cacodemon]
 97898 | Zig:9    | Paralysed by a giant eyeball for 3 turns
 97905 | Zig:9    | Paralysed by a giant eyeball for 2 turns
 97910 | Zig:9    | Got a pitted long sword
 97913 | Zig:9    | Got a glittering tin ring
 97917 | Zig:10   | Entered Level 10 of a ziggurat
 97983 | Zig:10   | Noticed alpinistek's ghost (legendary HOMo)
 97996 | Zig:10   | Killed alpinistek's ghost
 97997 | Zig:10   | Identified the +10 long sword of Zicawed {drain, rPois SInv Stlth+} (You found it on level 9 of a ziggurat)
 97998 | Zig:10   | Identified the ring "Ruovar" {Wiz rN+ Int+4} (You found it on level 9 of a ziggurat)
 98008 | Zig:10   | Noticed Siump the pandemonium lord
 98014 | Zig:10   | Killed Siump the pandemonium lord
 98076 | Zig:11   | Entered Level 11 of a ziggurat
 98166 | Zig:12   | Entered Level 12 of a ziggurat
 98284 | Zig:12   | Got a scintillating bone ring
 98286 | Zig:12   | Identified the ring "Funyn" {+Inv rPois rF+ Str-5 Stlth+} (You found it on level 12 of a ziggurat)
 98301 | Zig:12   | Got a smoking steam dragon armour
 98312 | Zig:12   | Identified the +2 steam dragon armour "Wunacud" {+Blink rPois} (You found it on level 12 of a ziggurat)
 98326 | Zig:12   | Got a shimmering plate armour
 98337 | Zig:12   | Identified the +4 plate armour "Ithoro" {rN+ Dex+4 SInv} (You found it on level 12 of a ziggurat)
 98358 | Zig:13   | Entered Level 13 of a ziggurat
 98435 | Zig:13   | Got a slimy tin amulet
 98437 | Zig:13   | Identified the amulet "Qovver" {Inacc Str+4} (You found it on level 13 of a ziggurat)
 98465 | Zig:14   | Entered Level 14 of a ziggurat
 98594 | Zig:15   | Entered Level 15 of a ziggurat
 98746 | Zig:15   | Got a scorched silver amulet
 98748 | Zig:15   | Identified the amulet "Gavangoh" {Clar rElec} (You found it on level 15 of a ziggurat)
 98769 | Zig:15   | Got a steaming long sword
 98770 | Zig:15   | Identified the +11 long sword of Conversion {drain, rElec MP+9} (You found it on level 15 of a ziggurat)
 98773 | Zig:15   | Got a pitted rapier
 98774 | Zig:15   | Identified the cursed +3 rapier of Dishonesty {speed, rC+ Str+5 Int-4} (You found it on level 15 of a ziggurat)
 98799 | Zig:16   | Entered Level 16 of a ziggurat
 98806 | Zig:16   | Hired Maruikk the naga for 166 gold.
 98810 | Zig:16   | Drew Focus: Str increased to 30, Int decreased to 8
 98813 | Zig:16   | Drew Focus: Str increased to 31, Int decreased to 7
 98826 | Zig:16   | Your ally Maruikk died
 98874 | Zig:16   | Gained mutation: You are dopey. (Int -2) [a neqoxec]
 98974 | Zig:17   | Entered Level 17 of a ziggurat
 98986 | Zig:17   | Drew Focus: Str increased to 32, Int decreased to 6
 99027 | Zig:17   | Drew Focus: Str increased to 33, Int decreased to 5
 99133 | Zig:18   | Entered Level 18 of a ziggurat
 99147 | Zig:18   | Lost mutation: Your body sometimes deteriorates upon taking damage. [helix card]
 99148 | Zig:18   | Drew Focus: Str increased to 34, Int decreased to 4
 99152 | Zig:18   | Drew Focus: Str increased to 35, Int decreased to 3
 99153 | Zig:18   | Gained mutation: Your spells are a little harder to cast, but a little more powerful. [helix card]
 99154 | Zig:18   | Hired Laicsag the big kobold for 89 gold.
 99156 | Zig:18   | Lost mutation: Your muscles are strong. (Str +2) [helix card]
 99157 | Zig:18   | Lost mutation: You can breathe flames. [helix card]
 99159 | Zig:18   | Hired Yco Bobb the big kobold for 79 gold.
 99164 | Zig:18   | Drew Focus: Str increased to 36, Int decreased to 2
 99202 | Zig:18   | Your ally Laicsag died
 99203 | Zig:18   | Your ally Yco Bobb died
 99228 | Zig:18   | Reached skill level 15 in Dodging
 99265 | Zig:18   | Got a scorched bone ring
 99276 | Zig:18   | Got a faintly glowing silver ring
 99298 | Zig:18   | Identified the ring of Henotheism {rC+ SInv} (You found it on level 18 of a ziggurat)
 99300 | Zig:18   | Identified the ring "Leot" {*Confuse rPois rF+ EV+4} (You found it on level 18 of a ziggurat)
 99313 | Zig:19   | Entered Level 19 of a ziggurat
 99342 | Zig:20   | Entered Level 20 of a ziggurat
 99383 | Zig:20   | Noticed Nisemyz the pandemonium lord
 99392 | Zig:20   | Noticed Gom Waof the pandemonium lord
 99392 | Zig:20   | Noticed Rijuhuth the pandemonium lord
 99393 | Zig:20   | Killed Nisemyz the pandemonium lord
 99396 | Zig:20   | Noticed Mahaim the pandemonium lord
 99400 | Zig:20   | Noticed Reamoz the pandemonium lord
 99404 | Zig:20   | Killed Rijuhuth the pandemonium lord
 99415 | Zig:20   | Killed Mahaim the pandemonium lord
 99429 | Zig:20   | Noticed Gaimeas the pandemonium lord
 99436 | Zig:20   | Killed Gom Waof the pandemonium lord
 99446 | Zig:20   | Killed Reamoz the pandemonium lord
 99459 | Zig:20   | Noticed Rudu the pandemonium lord
 99468 | Zig:20   | Killed Gaimeas the pandemonium lord
 99490 | Zig:20   | Cast into the Abyss (Rudu)
 99514 | Zig:20   | Escaped the Abyss
 99516 | Zig:20   | Killed Rudu the pandemonium lord
 99563 | Zig:20   | Got a faintly glowing silver amulet
 99565 | Zig:20   | Identified the amulet "Beolisy" {Ward rF+ rC+ rN+} (You found it on level 20 of a ziggurat)
 99581 | Zig:21   | Entered Level 21 of a ziggurat
 99695 | Zig:21   | Gained mutation: You occasionally shout uncontrollably at your foes. [mutagenic glow]
 99740 | Zig:21   | Got a shimmering granite ring
 99758 | Zig:21   | Identified the ring of Ufiducur {rPois Dex+3 SInv} (You found it on level 21 of a ziggurat)
 99766 | Zig:21   | Got a pair of encrusted gloves
 99777 | Zig:21   | Identified the cursed +0 pair of gloves "Dohik" {-Cast rElec MP+9 Str-4 Dex+3} (You found it on level 21 of a ziggurat)
 99852 | Pan      | Found an exit through the horrors of the Abyss.
100099 | Pan      | Lost mutation: You are resistant to electric shocks. [a neqoxec]
100124 | Pan      | Noticed Ystiqil the pandemonium lord
100144 | Pan      | Killed Ystiqil the pandemonium lord
100993 | Pan      | Found an exit through the horrors of the Abyss.
100997 | Pan      | Gained mutation: Your flesh is heat resistant. [a neqoxec]
101734 | Pan      | Found an exit through the horrors of the Abyss.
102049 | Pan      | Found a glowing silver altar of Zin.
102268 | Pan      | Got a slimy double sword
102269 | Pan      | Identified the +8 double sword "Vuski" {drain, MR+++ MP+9 Str-4 Int+3} (You found it in Pandemonium)
102919 | Pan      | Reached skill level 27 in Long Blades
102938 | Pan      | Noticed a seraph
102954 | Pan      | Killed a seraph
102967 | Pan      | Found a glowing golden altar of the Shining One.
102988 | Pan      | Got a pitted marble ring
103002 | Pan      | Identified the ring "Byasiatwusch" {rF+ Str+5 Dex+3 Stlth-} (You took it off a seraph in Pandemonium)
103019 | Pan      | Got a demonic rune of Zot
103039 | Pan      | Got a pitted scimitar
103892 | Pan      | Found a white marble altar of Elyvilon.
104723 | Pan      | Found an exit through the horrors of the Abyss.
104866 | Pan      | Noticed Mennas
104881 | Pan      | Killed Mennas
105070 | Pan      | Noticed Cytavu the pandemonium lord
105200 | Pan      | Entered the realm of Mnoleg.
105265 | Pan      | Gained mutation: You are clumsy. (Dex -2) [a neqoxec]
105268 | Pan      | Gained mutation: Scrolls take you a little longer to read. [a neqoxec]
105270 | Pan      | Found an exit through the horrors of the Abyss.
105275 | Pan      | Paralysed by a giant eyeball for 3 turns
105278 | Pan      | Gained mutation: Scrolls take you longer to read. [a cacodemon]
105284 | Pan      | Paralysed by a giant eyeball for 3 turns
105446 | Pan      | Gained mutation: Your body sometimes deteriorates upon taking damage. [a neqoxec]
105542 | Pan      | Gained mutation: You are occasionally teleported to nearby monsters. [a cacodemon]
105547 | Pan      | Gained mutation: Your body often deteriorates upon taking damage. [a shining eye]
105555 | Pan      | Lost mutation: Your flesh is heat resistant. [potion of cure mutation]
105555 | Pan      | Lost mutation: Your body often deteriorates upon taking damage. [potion of cure mutation]
105555 | Pan      | Lost mutation: You occasionally shout uncontrollably at your foes. [potion of cure mutation]
105555 | Pan      | Lost mutation: Scrolls take you longer to read. [potion of cure mutation]
105556 | Pan      | Lost mutation: Armour fits poorly on your strangely shaped body. [potion of cure mutation]
105556 | Pan      | Lost mutation: You are clumsy. (Dex -2) [potion of cure mutation]
105556 | Pan      | Lost mutation: Scrolls take you a little longer to read. [potion of cure mutation]
105556 | Pan      | Lost mutation: Your body sometimes deteriorates upon taking damage. [potion of cure mutation]
105556 | Pan      | Lost mutation: You passively map a small area around you. [potion of cure mutation]
105556 | Pan      | Lost mutation: Your spells are a little harder to cast, but a little more powerful. [potion of cure mutation]
105556 | Pan      | Lost mutation: You are occasionally teleported to nearby monsters. [potion of cure mutation]
105678 | Pan      | Lost intelligence.
105965 | Pan      | Gained mutation: You possess an exceptional clarity of mind. [mutagenic meat]
105968 | Pan      | Gained mutation: Scrolls take you a little longer to read. [mutagenic meat]
105969 | Pan      | Gained mutation: You are weak. (Str -2) [mutagenic meat]
105972 | Pan      | Lost mutation: You possess an exceptional clarity of mind. [mutagenic meat]
105973 | Pan      | Lost mutation: You are dopey. (Int -2) [mutagenic meat]
105974 | Pan      | Gained mutation: Your natural rate of healing is unusually fast. [mutagenic meat]
105976 | Pan      | Gained mutation: Armour fits poorly on your strangely shaped body. [mutagenic meat]
105977 | Pan      | Gained mutation: Your spells are a little easier to cast, but a little less powerful. [mutagenic meat]
105978 | Pan      | Gained mutation: You are somewhat resistant to further mutation. [mutagenic meat]
106130 | Pan      | Noticed Mnoleg
106143 | Pan      | Killed Mnoleg
106163 | Pan      | Got a glowing rune of Zot
106224 | Pan      | Lost mutation: Your spells are a little easier to cast, but a little less powerful. [potion of cure mutation]
106224 | Pan      | Lost mutation: You are weak. (Str -2) [potion of cure mutation]
106224 | Pan      | Lost mutation: You can translocate small distances at will. [potion of cure mutation]
106224 | Pan      | Lost mutation: Scrolls take you a little longer to read. [potion of cure mutation]
106260 | Pan      | Gained mutation: You are resistant to hostile enchantments. [mutagenic meat]
106409 | Pan      | Gained mutation: You can spit weak poison. [mutagenic meat]
106615 | Pan      | Found a gateway to a ziggurat.
106615 | Pan      | Paralysed by a giant eyeball for 2 turns
106667 | Pan      | Gained mutation: You are occasionally teleported to nearby monsters. [a neqoxec]
106678 | Pan      | Paralysed by a giant eyeball for 4 turns
106686 | Pan      | Paralysed by a giant eyeball for 4 turns
106692 | Pan      | Paralysed by a giant eyeball for 4 turns
106704 | Pan      | Found an exit through the horrors of the Abyss.
106757 | Zig:1    | Entered Level 1 of a ziggurat
106784 | Zig:2    | Entered Level 2 of a ziggurat
106809 | Zig:3    | Entered Level 3 of a ziggurat
106871 | Zig:4    | Entered Level 4 of a ziggurat
106909 | Zig:5    | Entered Level 5 of a ziggurat
106951 | Zig:5    | Got a crude golden ring
106953 | Zig:5    | Identified the ring "Yhedaid" {-Tele rElec MP+9 Slay+2} (You found it on level 5 of a ziggurat)
106958 | Zig:6    | Entered Level 6 of a ziggurat
107019 | Pan      | Noticed Kipnekid the pandemonium lord
107034 | Pan      | Lost mutation: You are resistant to hostile enchantments. [potion of cure mutation]
107034 | Pan      | Lost mutation: You can spit weak poison. [potion of cure mutation]
107034 | Pan      | Lost mutation: Armour fits poorly on your strangely shaped body. [potion of cure mutation]
107035 | Pan      | Lost mutation: You are somewhat resistant to further mutation. [potion of cure mutation]
107035 | Pan      | Lost mutation: You are occasionally teleported to nearby monsters. [potion of cure mutation]
107035 | Pan      | Lost mutation: Your natural rate of healing is unusually fast. [potion of cure mutation]
107035 | Pan      | Lost mutation: You have a beak for a mouth. [potion of cure mutation]
107036 | Pan      | Gained mutation: You can spit weak poison. [potion of mutation]
107036 | Pan      | Gained mutation: Potions and wands are less effective at restoring your health. [potion of mutation]
107036 | Pan      | Gained mutation: Your muscles are strong. (Str +2) [potion of mutation]
107037 | Pan      | Gained mutation: Your skin changes colour to match your surroundings (Stealth). [potion of mutation]
107037 | Pan      | Gained mutation: Scrolls take you a little longer to read. [potion of mutation]
107037 | Pan      | Gained mutation: You are frail (-10% HP). [potion of mutation]
107038 | Pan      | Lost mutation: You can spit weak poison. [potion of cure mutation]
107038 | Pan      | Lost mutation: Scrolls take you a little longer to read. [potion of cure mutation]
107038 | Pan      | Lost mutation: You are frail (-10% HP). [potion of cure mutation]
107038 | Pan      | Lost mutation: Your muscles are strong. (Str +2) [potion of cure mutation]
107038 | Pan      | Lost mutation: Potions and wands are less effective at restoring your health. [potion of cure mutation]
107038 | Pan      | Lost mutation: Your skin changes colour to match your surroundings (Stealth). [potion of cure mutation]
107090 | Pan      | Noticed Dattuos the pandemonium lord
107261 | Pan      | Found an exit through the horrors of the Abyss.
107350 | Pan      | Noticed Xonipsath the pandemonium lord
107368 | Pan      | Killed Xonipsath the pandemonium lord
107542 | Pan      | Found a gateway to a ziggurat.
107694 | Pan      | Entered the realm of Cerebov.
108193 | Pan      | Noticed Cerebov
108242 | Pan      | Killed Cerebov
108331 | Pan      | Found an exit through the horrors of the Abyss.
108435 | Pan      | Got a steaming golden ring
108453 | Pan      | Got a crude diamond amulet
108455 | Pan      | Identified the amulet of Life {+Rage rC+ MR+ SInv} (You took it off a balrug in Pandemonium)
108459 | Pan      | Identified the cursed ring of Rasuatt {rC+ EV-2 Slay+3} (You took it off a balrug in Pandemonium)
108508 | Pan      | Got a fiery rune of Zot
108661 | Pan      | Got a bloodstained ice dragon armour
108672 | Pan      | Identified the +5 ice dragon armour "Nasask" {rF- rC++ MR+} (You took it off a balrug in Pandemonium)
109004 | Pan      | Found an exit through the horrors of the Abyss.
109110 | Pan      | Gained mutation: You tend to lose your temper in combat. [a cacodemon]
109113 | Pan      | Entered the realm of Lom Lobon.
109141 | Pan      | Found an exit through the horrors of the Abyss.
109210 | Pan      | Noticed Lom Lobon
109233 | Pan      | Killed Lom Lobon
109278 | Pan      | Got a magical rune of Zot
109461 | Pan      | Noticed Rudgh the pandemonium lord
109474 | Pan      | Killed Rudgh the pandemonium lord
109673 | Pan      | Lost mutation: You tend to lose your temper in combat. [potion of cure mutation]
109713 | Pan      | Found an exit through the horrors of the Abyss.
109938 | Pan      | Noticed Giwulit the pandemonium lord
109956 | Pan      | Killed Giwulit the pandemonium lord
110339 | Pan      | Found an exit through the horrors of the Abyss.
110463 | Pan      | Noticed Wyot the pandemonium lord
110470 | Pan      | Killed Wyot the pandemonium lord
110600 | Pan      | Entered the realm of Gloorx Vloq.
110649 | Pan      | Found an exit through the horrors of the Abyss.
111662 | Pan      | Noticed Gloorx Vloq
111756 | Pan      | Reached skill level 27 in Armour
112363 | Pan      | Killed Gloorx Vloq
112555 | Pan      | Got a dark rune of Zot
112709 | Pan      | Took an exit into the Abyss.
112709 | Abyss:1  | Escaped into the Abyss
112778 | Depths:1 | Escaped the Abyss
112900 | Coc:1    | Entered Level 1 of Cocytus
113397 | Coc:7    | Entered Level 7 of Cocytus
113934 | Coc:7    | Noticed Antaeus
113948 | Coc:7    | Killed Antaeus
113975 | Coc:7    | Got an icy rune of Zot
113997 | Coc:7    | Got a warped bronze ring
114001 | Coc:7    | Identified the ring "Avompa" {rC+ MR+} (You found it on level 7 of Cocytus)
114071 | Geh:1    | Entered Level 1 of Gehenna
114453 | Geh:7    | Entered Level 7 of Gehenna
114848 | Geh:7    | Noticed Asmodeus
114877 | Geh:7    | Killed Asmodeus
114882 | Geh:7    | Got an obsidian rune of Zot
115100 | Tar:1    | Entered Level 1 of Tartarus
115941 | Tar:5    | Lost intelligence.
116061 | Tar:5    | Reached skill level 27 in Evocations
116709 | Tar:7    | Entered Level 7 of Tartarus
117058 | Tar:7    | Lost intelligence.
117112 | Tar:7    | Noticed the Serpent of Hell
117125 | Tar:7    | Reached skill level 27 in Shields
117682 | Tar:7    | Killed the Serpent of Hell
118732 | Tar:7    | Noticed Ereshkigal
119418 | Tar:7    | Killed Ereshkigal
119562 | Tar:7    | Got a bone rune of Zot
119831 | Dis:1    | Entered Level 1 of the Iron City of Dis
120304 | Dis:7    | Entered Level 7 of the Iron City of Dis
121326 | Dis:7    | Noticed Dispater
121407 | Dis:7    | Killed Dispater
121457 | Dis:7    | Got an iron rune of Zot
121776 | Zot:1    | Entered Level 1 of the Realm of Zot
123052 | Zot:5    | Entered Level 5 of the Realm of Zot
123288 | Zot:5    | Noticed an ancient lich
123290 | Zot:5    | Noticed an orb of fire
123300 | Zot:5    | Noticed an orb of fire
123300 | Zot:5    | Killed an ancient lich
123307 | Zot:5    | Killed an orb of fire
123355 | Zot:5    | Gained mutation: You tend to lose your temper in combat. [an orb of fire]
123362 | Zot:5    | Killed an orb of fire
123385 | Zot:5    | Noticed an ancient lich
123393 | Zot:5    | Killed an ancient lich
123395 | Zot:5    | Noticed an orb of fire
123399 | Zot:5    | Gained mutation: You expend magic power (3 MP) to strengthen your wands. [an orb of fire]
123415 | Zot:5    | Killed an orb of fire
123473 | Zot:5    | Reached skill level 27 in Dodging
123519 | Zot:5    | Got the Orb of Zot
123629 | Zot:2    | Lost mutation: You tend to lose your temper in combat. [a neqoxec]
123630 | Zot:2    | Gained mutation: Scrolls take you a little longer to read. [a neqoxec]
123708 | Depths:5 | Noticed Luras the pandemonium lord
123720 | Depths:5 | Killed Luras the pandemonium lord
123894 | D:14     | Noticed Budin the pandemonium lord
124125 | D:2      | Found a sacrificial altar of Ru.
124242 | D:$      | Escaped with the Orb!

Action                   |  1- 3 |  4- 6 |  7- 9 | 10-12 | 13-15 | 16-18 | 19-21 | 22-24 | 25-27 || total
-------------------------+-------+-------+-------+-------+-------+-------+-------+-------+-------++-------
Melee: Long sword        |   108 |   194 |   481 |   528 |       |       |       |       |       ||  1311
       Scimitar          |       |       |       |   690 |  1119 |    51 |       |   320 |  5134 ||  7314
       Whip              |       |       |       |    71 |       |       |       |       |       ||    71
       Falchion          |       |       |       |       |   806 |  1810 |  1500 |  1747 |  1584 ||  7447
       Great sword       |       |       |       |       |       |       |    11 |       |       ||    11
       Demon blade       |       |       |       |       |       |       |       |       |  6020 ||  6020
       Double sword      |       |       |       |       |       |       |       |       |   111 ||   111
Throw: Throwing net      |       |       |       |       |       |     1 |       |       |       ||     1
Invok: Heroism           |       |     1 |     2 |     4 |     4 |     3 |     2 |     6 |     4 ||    26
       Finesse           |       |       |       |     4 |    10 |     7 |     6 |     5 |     4 ||    36
       Greater Servant o |       |       |       |       |       |       |       |       |    52 ||    52
       Major Destruction |       |       |       |       |       |       |       |       |     2 ||     2
Evoke: Wand              |       |       |     3 |     9 |     4 |     2 |     1 |     4 |    28 ||    51
       Deck              |       |       |       |       |     2 |    13 |    16 |       |   115 ||   146
       Fan of gales      |       |       |       |       |     1 |       |     1 |     3 |    17 ||    22
       Disc of storms    |       |       |       |       |       |       |     2 |       |    18 ||    20
       Stone of tremors  |       |       |       |       |       |       |     1 |     2 |    17 ||    20
       Box of beasts     |       |       |       |       |       |       |       |     1 |    66 ||    67
       Phial of floods   |       |       |       |       |       |       |       |       |    31 ||    31
       Horn of Geryon    |       |       |       |       |       |       |       |       |    28 ||    28
       Lamp of fire      |       |       |       |       |       |       |       |       |    26 ||    26
       Sack of spiders   |       |       |       |       |       |       |       |       |    25 ||    25
       Phantom mirror    |       |       |       |       |       |       |       |       |     4 ||     4
  Use: Potion            |       |     1 |       |       |     7 |     8 |     1 |     3 |    99 ||   119
       Scroll            |       |       |       |    12 |    13 |    17 |     9 |    10 |   141 ||   202
 Stab: Petrifying        |       |       |       |       |     2 |       |       |       |       ||     2
       Petrified         |       |       |       |       |     1 |       |       |       |       ||     1
       Invisible         |       |       |       |       |       |     2 |       |       |    14 ||    16
       Sleeping          |       |       |       |       |       |       |     2 |       |       ||     2
       Distracted        |       |       |       |       |       |       |       |     1 |    35 ||    36
       Confused          |       |       |       |       |       |       |       |       |     4 ||     4
       Held in net/web   |       |       |       |       |       |       |       |       |     1 ||     1
  Eat: Chunk             |       |     4 |    16 |    36 |    30 |    39 |    20 |    12 |   133 ||   290
       Meat ration       |       |     1 |       |     1 |     1 |       |       |       |    37 ||    40
       Fruit             |       |       |     1 |     2 |     3 |     8 |     7 |    25 |    25 ||    71
       Beef jerky        |       |       |       |     3 |     4 |     4 |     2 |     3 |     1 ||    17
       Pizza             |       |       |       |     1 |     2 |     5 |     1 |     2 |     1 ||    12
       Royal jelly       |       |       |       |       |     1 |       |       |       |    24 ||    25
       Bread ration      |       |       |       |       |       |       |       |       |     5 ||     5
